Workbook
Name ABN: Cover!$C$17
Name AGL_GAS_NETWORKS: "YTD-ACTUAL99"
Name BaseDeal: 1000000
Name cBoard: 1
Name cManual: 0
Name DB: "WIREAUPROD"
Name No.: TRUE
Name NvsASD: "V2007-12-31"
Name NvsAutoDrillOk: "VN"
Name NvsElapsedTime: 0.000138888884976041
Name NvsEndTime: 39513.5166782407
Name NvsInstLang: "VENG"
Name NvsInstSpec: "%,FBUSINESS_UNIT,TCONS_ACT,NEE CONSOLIDATION"
Name NvsInstSpec1: ","
Name NvsInstSpec2: ","
Name NvsInstSpec3: ","
Name NvsInstSpec4: ","
Name NvsInstSpec5: ","
Name NvsInstSpec6: ","
Name NvsInstSpec7: ","
Name NvsInstSpec8: ","
Name NvsInstSpec9: ","
Name NvsLayoutType: "M3"
Name NvsNplSpec: "%,X,RZT.ACCOUNT.,CZF.BUSINESS_UNIT."
Name NvsPanelBusUnit: "V"
Name NvsPanelEffdt: "V1998-12-31"
Name NvsPanelSetid: "VEPIC"
Name NvsReqBU: "VEE"
Name NvsReqBUOnly: "VN"
Name NvsTransLed: "VN"
Name NvsTreeASD: "V2007-12-31"
Name NvsValTbl.ACCOUNT: "GL_ACCOUNT_TBL"
Name NvsValTbl.BUSINESS_UNIT: "BUS_UNIT_TBL_GL"
Name NvsValTbl.DEPTID: "DEPARTMENT_TBL"
Name NvsValTbl.PROJECT_ID: "PROJECT_ID_VW"
Name Template.WIRE: "DBACCESS"
Name Tradingname: Cover!$C$15
Name Version.WIRE: 1
Name Yearending: Cover!$C$23
Name Yearstart: Cover!$C$21

Sheet Cover
A1: Gas Pipeline Operator
A2: Reporting template
A4: This template is to be uploaded by a Gas Pipeline Operator to its website to fulfil its annual reporting obligations.
A6: Colour coding of input sheets:
A7: Dark cyan = ERA instructions/headings
A8: Yellow = Input cells
A9: Grey - Not applicable/No inputs required
A11: Leave coloured cells blank if no information exists - PLEASE DO NOT ENTER TEXT unless specifically requested to do so.
A12: All dollar amounts are to be unrounded, and in nominal terms.
A15: Service provider: | C15: APA OPERATIONS PTY LIMITED
A17: Australian business number: | C17: 79 123 090 933
A19: Pipeline name: | C19: Murrin Murrin Lateral
A21: Reporting period start date: | C21: 44013
A23: Reporting period end date: | C23: 44377
A25: Publication date of this report: | C25: 44501
A27: Reported information is current at: | C27: 44377
A29: Has any information in this template been amended since last published within this current reporting period? | C29: Yes | F29: Amendment reference | I29: 3.4.1 in Basis of preparation & 6. Notes in this reporting template
A33: Business address | B33: Address | D33: Level 25, 580 George Street
B34: Suburb | D34: Sydney
C35: State | D35: NSW | E35: Postcode | F35: 2000
A37: Postal address | B37: Address | D37: PO Box R41
B38: Suburb | D38: Royal Exchange
C39: State | D39: NSW | E39: Postcode | F39: 1225
A42: Contact name/s | B42: Bruce Song (Investor Relations Analyst - Investor Rel & Analytics)
A43: Contact phone/s | B43: +61 (2) 9275 0052
A44: Contact email address/s | B44: APARegReporting@apa.com.au

Sheet Contents
F3: Table of contents

Sheet Summary
B1: Summary
B2: =Tradingname -> APA OPERATIONS PTY LIMITED
B3: Year ending | C3: =TEXT(Yearstart,"dd/mm/yyyy")&" to "&TEXT(Yearending,"dd/mm/yyyy") -> 01/07/2020 to 30/06/2021
B4: All numbers are expressed in $nominal
B8: Revenues and expenses (Table 2.1) | C8: Amounts excluding related party transactions | D8: Related party transactions | E8: Total
B9: Direct revenue | C9: ='2. Revenues and expenses'!D16 -> 6571910.6 | D9: ='2. Revenues and expenses'!E16 -> 5422667 | E9: ='2. Revenues and expenses'!F16 -> 11994578
B10: Indirect revenue allocated | C10: ='2. Revenues and expenses'!D19 -> 0 | D10: ='2. Revenues and expenses'!E19 -> 0 | E10: ='2. Revenues and expenses'!F19 -> 0
B11: Total revenue | C11: ='2. Revenues and expenses'!D20 -> 6571910.6 | D11: ='2. Revenues and expenses'!E20 -> 5422667 | E11: ='2. Revenues and expenses'!F20 -> 11994578
B12: Direct costs | C12: ='2. Revenues and expenses'!D30 -> -2431594.1 | D12: ='2. Revenues and expenses'!E30 -> -2006376.2 | E12: ='2. Revenues and expenses'!F30 -> -4437970.3
B13: Shared costs allocated | C13: ='2. Revenues and expenses'!D41 -> -1062324.9 | D13: ='2. Revenues and expenses'!E41 -> 0 | E13: ='2. Revenues and expenses'!F41 -> -1062324.9
B14: Total costs | C14: ='2. Revenues and expenses'!D42 -> -3493919 | D14: ='2. Revenues and expenses'!E42 -> -2006376.2 | E14: ='2. Revenues and expenses'!F42 -> -5500295.2
B15: Earnings before interest and tax (EBIT) | C15: ='2. Revenues and expenses'!D43 -> 3077991.6 | D15: ='2. Revenues and expenses'!E43 -> 3416290.8 | E15: ='2. Revenues and expenses'!F43 -> 6494282.4
B18: Statement of pipeline assets (Table 3.1) | C18: Cumulative value as at current reporting period | D18: Cumulative value as at previous reporting period
B19: Pipelines | C19: ='3. Statement of pipeline assets'!D16 -> 28908119 | D19: ='3. Statement of pipeline assets'!E16 -> 12803906
B20: Compressors | C20: ='3. Statement of pipeline assets'!D23 -> 31033380 | D20: ='3. Statement of pipeline assets'!E23 -> 31993019
B21: City Gates, supply regulators and valve stations | C21: ='3. Statement of pipeline assets'!D30 -> 2995424.4 | D21: ='3. Statement of pipeline assets'!E30 -> 3057363.6
B22: Metering | C22: ='3. Statement of pipeline assets'!D37 -> 1097280.4 | D22: ='3. Statement of pipeline assets'!E37 -> 1121270.4
B23: Odourant plants | C23: ='3. Statement of pipeline assets'!D44 -> 0 | D23: ='3. Statement of pipeline assets'!E44 -> 0
B24: SCADA (Communications) | C24: ='3. Statement of pipeline assets'!D51 -> 41612.247 | D24: ='3. Statement of pipeline assets'!E51 -> 40344.926
B25: Buildings | C25: ='3. Statement of pipeline assets'!D58 -> 433395.6 | D25: ='3. Statement of pipeline assets'!E58 -> 438924.18
B26: Land and easements | C26: ='3. Statement of pipeline assets'!D64 -> 0 | D26: ='3. Statement of pipeline assets'!E64 -> 0
B27: Other depreciable pipeline assets | C27: ='3. Statement of pipeline assets'!D71 -> 967540.27 | D27: ='3. Statement of pipeline assets'!E71 -> 925091.66
B28: Leased Assets | C28: ='3. Statement of pipeline assets'!D78 -> 1982.5696 | D28: ='3. Statement of pipeline assets'!E78 -> 16688.043
B29: Other non-depreciable pipeline assets | C29: ='3. Statement of pipeline assets'!D79 -> 6891119.3 | D29: ='3. Statement of pipeline assets'!E79 -> 11340386
B30: Total pipeline assets | C30: ='3. Statement of pipeline assets'!D80 -> 72369853 | D30: ='3. Statement of pipeline assets'!E80 -> 61736995
B31: Shared property, plant and equipment | C31: ='3. Statement of pipeline assets'!D88 -> 592961.81 | D31: ='3. Statement of pipeline assets'!E88 -> 569359.56
B32: Shared leased assets | C32: ='3. Statement of pipeline assets'!D95 -> 170663.29 | D32: ='3. Statement of pipeline assets'!E95 -> 183505.15
B33: Inventories | C33: ='3. Statement of pipeline assets'!D96 -> 0 | D33: ='3. Statement of pipeline assets'!E96 -> 0
B34: Deferred tax assets | C34: ='3. Statement of pipeline assets'!D97 -> 0 | D34: ='3. Statement of pipeline assets'!E97 -> 0
B35: Other shared assets | C35: ='3. Statement of pipeline assets'!D98 -> 0 | D35: ='3. Statement of pipeline assets'!E98 -> 0
B36: Total shared assets allocated | C36: ='3. Statement of pipeline assets'!D99 -> 763625.1 | D36: ='3. Statement of pipeline assets'!E99 -> 752864.71
B37: Total assets | C37: ='3. Statement of pipeline assets'!D100 -> 73133478 | D37: ='3. Statement of pipeline assets'!E100 -> 62489859
B38: Return on assets (EBIT/Total assets value) (Table 1.1.1) | C38: ='1.1 Financial performance'!C10 -> 0.088800403
B41: Recovered capital value (Table 4.1) | C41: Cumulative value as at current reporting period | D41: =VALUE(RIGHT(TEXT(Yearending,"dd/mm/yyyy"),4)) -> 2021
B42: Pipeline assets cost base | C42: ='4. Recovered capital'!E16 -> 76658475
B43: Shared assets allocated cost base | C43: ='4. Recovered capital'!E23 -> 1481791.5
B44: Total assets | C44: ='4. Recovered capital'!E24 -> 78140267
B45: Return of capital
B46: Revenue | C46: ='4. Recovered capital'!E26 -> 81540611 | D46: =IFERROR(INDEX('4. Recovered capital'!$F$8:$BH$34,MATCH($B46,'4. Recovered capital'!$D$8:$D$34,0),MATCH(D$41,'4. Recovered capital'!$F$8:$BH$8,0)),) -> 11994578
B47: Operating expenses | C47: ='4. Recovered capital'!E27 -> -17130950 | D47: =IFERROR(INDEX('4. Recovered capital'!$F$8:$BH$34,MATCH($B47,'4. Recovered capital'!$D$8:$D$34,0),MATCH(D$41,'4. Recovered capital'!$F$8:$BH$8,0)),) -> -3882516.3
B48: Net tax liabilities | C48: ='4. Recovered capital'!E28 -> -6044127.3 | D48: =IFERROR(INDEX('4. Recovered capital'!$F$8:$BH$34,MATCH($B48,'4. Recovered capital'!$D$8:$D$34,0),MATCH(D$41,'4. Recovered capital'!$F$8:$BH$8,0)),) -> -1171221.2
B49: Leased Asset Interest/Financing Charge | C49: ='4. Recovered capital'!E29 -> -16894.896 | D49: =IFERROR(INDEX('4. Recovered capital'!$F$8:$BH$34,MATCH($B49,'4. Recovered capital'!$D$8:$D$34,0),MATCH(D$41,'4. Recovered capital'!$F$8:$BH$8,0)),) -> -7824.5592
B50: Return on capital | C50: ='4. Recovered capital'!E30 -> -40595546 | D50: =IFERROR(INDEX('4. Recovered capital'!$F$8:$BH$34,MATCH($B50,'4. Recovered capital'!$D$8:$D$34,0),MATCH(D$41,'4. Recovered capital'!$F$8:$BH$8,0)),) -> -3167709.9
B51: Total return of capital | C51: ='4. Recovered capital'!E31 -> 17753094 | D51: =IFERROR(INDEX('4. Recovered capital'!$F$8:$BH$34,MATCH($B51,'4. Recovered capital'!$D$8:$D$34,0),MATCH(D$41,'4. Recovered capital'!$F$8:$BH$8,0)),) -> 3765305.6
B52: Recovered capital method total asset value | C52: ='4. Recovered capital'!E32 -> 60387173 | D52: =IFERROR(INDEX('4. Recovered capital'!$F$8:$BH$34,MATCH($B52,'4. Recovered capital'!$D$8:$D$34,0),MATCH(D$41,'4. Recovered capital'!$F$8:$BH$8,0)),) -> 13548553
B53: Opening asset value | D53: =IFERROR(INDEX('4. Recovered capital'!$F$8:$BH$34,MATCH($B53,'4. Recovered capital'!$D$8:$D$34,0),MATCH(D$41,'4. Recovered capital'!$F$8:$BH$8,0)),) -> 46838620
B54: Rate of return (WACC) | D54: =IFERROR(INDEX('4. Recovered capital'!$F$8:$BH$34,MATCH($B54,'4. Recovered capital'!$D$8:$D$34,0),MATCH(D$41,'4. Recovered capital'!$F$8:$BH$8,0)),) -> 0.067630299
B57: For information only - yearly percentage change | C57: =D57-1 -> 2017 | D57: =E57-1 -> 2018 | E57: =F57-1 -> 2019 | F57: =G57-1 -> 2020 | G57: =VALUE(RIGHT(TEXT(Yearending,"dd/mm/yyyy"),4)) -> 2021
B58: Revenue | C58: =IFERROR(INDEX('4. Recovered capital'!$F$8:$BH$32,MATCH($B58,'4. Recovered capital'!$D$8:$D$32,0),MATCH(C$57,'4. Recovered capital'!$F$8:$BH$8,0))/INDEX('4. Recovered capital'!$F$8:$BH$32,MATCH($B58,'4. Recovered capital'!$D$8:$D$32,0),MATCH(C$57-1,'4. Recovered capital'!$F$8:$BH$8,0))-1,"NA") -> 0.48204004 | D58: =IFERROR(INDEX('4. Recovered capital'!$F$8:$BH$32,MATCH($B58,'4. Recovered capital'!$D$8:$D$32,0),MATCH(D$57,'4. Recovered capital'!$F$8:$BH$8,0))/INDEX('4. Recovered capital'!$F$8:$BH$32,MATCH($B58,'4. Recovered capital'!$D$8:$D$32,0),MATCH(D$57-1,'4. Recovered capital'!$F$8:$BH$8,0))-1,"NA") -> -0.078347131 | E58: =IFERROR(INDEX('4. Recovered capital'!$F$8:$BH$32,MATCH($B58,'4. Recovered capital'!$D$8:$D$32,0),MATCH(E$57,'4. Recovered capital'!$F$8:$BH$8,0))/INDEX('4. Recovered capital'!$F$8:$BH$32,MATCH($B58,'4. Recovered capital'!$D$8:$D$32,0),MATCH(E$57-1,'4. Recovered capital'!$F$8:$BH$8,0))-1,"NA") -> 0.59778795 | F58: =IFERROR(INDEX('4. Recovered capital'!$F$8:$BH$32,MATCH($B58,'4. Recovered capital'!$D$8:$D$32,0),MATCH(F$57,'4. Recovered capital'!$F$8:$BH$8,0))/INDEX('4. Recovered capital'!$F$8:$BH$32,MATCH($B58,'4. Recovered capital'!$D$8:$D$32,0),MATCH(F$57-1,'4. Recovered capital'!$F$8:$BH$8,0))-1,"NA") -> 0.5339191 | G58: =IFERROR(INDEX('4. Recovered capital'!$F$8:$BH$32,MATCH($B58,'4. Recovered capital'!$D$8:$D$32,0),MATCH(G$57,'4. Recovered capital'!$F$8:$BH$8,0))/INDEX('4. Recovered capital'!$F$8:$BH$32,MATCH($B58,'4. Recovered capital'!$D$8:$D$32,0),MATCH(G$57-1,'4. Recovered capital'!$F$8:$BH$8,0))-1,"NA") -> 0.034235634
B59: Operating expenses | C59: =IFERROR(INDEX('4. Recovered capital'!$F$8:$BH$32,MATCH($B59,'4. Recovered capital'!$D$8:$D$32,0),MATCH(C$57,'4. Recovered capital'!$F$8:$BH$8,0))/INDEX('4. Recovered capital'!$F$8:$BH$32,MATCH($B59,'4. Recovered capital'!$D$8:$D$32,0),MATCH(C$57-1,'4. Recovered capital'!$F$8:$BH$8,0))-1,"NA") -> 0.38647491 | D59: =IFERROR(INDEX('4. Recovered capital'!$F$8:$BH$32,MATCH($B59,'4. Recovered capital'!$D$8:$D$32,0),MATCH(D$57,'4. Recovered capital'!$F$8:$BH$8,0))/INDEX('4. Recovered capital'!$F$8:$BH$32,MATCH($B59,'4. Recovered capital'!$D$8:$D$32,0),MATCH(D$57-1,'4. Recovered capital'!$F$8:$BH$8,0))-1,"NA") -> 0.12109343 | E59: =IFERROR(INDEX('4. Recovered capital'!$F$8:$BH$32,MATCH($B59,'4. Recovered capital'!$D$8:$D$32,0),MATCH(E$57,'4. Recovered capital'!$F$8:$BH$8,0))/INDEX('4. Recovered capital'!$F$8:$BH$32,MATCH($B59,'4. Recovered capital'!$D$8:$D$32,0),MATCH(E$57-1,'4. Recovered capital'!$F$8:$BH$8,0))-1,"NA") -> 1.5443385 | F59: =IFERROR(INDEX('4. Recovered capital'!$F$8:$BH$32,MATCH($B59,'4. Recovered capital'!$D$8:$D$32,0),MATCH(F$57,'4. Recovered capital'!$F$8:$BH$8,0))/INDEX('4. Recovered capital'!$F$8:$BH$32,MATCH($B59,'4. Recovered capital'!$D$8:$D$32,0),MATCH(F$57-1,'4. Recovered capital'!$F$8:$BH$8,0))-1,"NA") -> 0.61701162 | G59: =IFERROR(INDEX('4. Recovered capital'!$F$8:$BH$32,MATCH($B59,'4. Recovered capital'!$D$8:$D$32,0),MATCH(G$57,'4. Recovered capital'!$F$8:$BH$8,0))/INDEX('4. Recovered capital'!$F$8:$BH$32,MATCH($B59,'4. Recovered capital'!$D$8:$D$32,0),MATCH(G$57-1,'4. Recovered capital'!$F$8:$BH$8,0))-1,"NA") -> -0.076818621
B60: Net tax liabilities | C60: =IFERROR(INDEX('4. Recovered capital'!$F$8:$BH$32,MATCH($B60,'4. Recovered capital'!$D$8:$D$32,0),MATCH(C$57,'4. Recovered capital'!$F$8:$BH$8,0))/INDEX('4. Recovered capital'!$F$8:$BH$32,MATCH($B60,'4. Recovered capital'!$D$8:$D$32,0),MATCH(C$57-1,'4. Recovered capital'!$F$8:$BH$8,0))-1,"NA") -> 1.2664573 | D60: =IFERROR(INDEX('4. Recovered capital'!$F$8:$BH$32,MATCH($B60,'4. Recovered capital'!$D$8:$D$32,0),MATCH(D$57,'4. Recovered capital'!$F$8:$BH$8,0))/INDEX('4. Recovered capital'!$F$8:$BH$32,MATCH($B60,'4. Recovered capital'!$D$8:$D$32,0),MATCH(D$57-1,'4. Recovered capital'!$F$8:$BH$8,0))-1,"NA") -> 0.16230225 | E60: =IFERROR(INDEX('4. Recovered capital'!$F$8:$BH$32,MATCH($B60,'4. Recovered capital'!$D$8:$D$32,0),MATCH(E$57,'4. Recovered capital'!$F$8:$BH$8,0))/INDEX('4. Recovered capital'!$F$8:$BH$32,MATCH($B60,'4. Recovered capital'!$D$8:$D$32,0),MATCH(E$57-1,'4. Recovered capital'!$F$8:$BH$8,0))-1,"NA") -> 0.16760084 | F60: =IFERROR(INDEX('4. Recovered capital'!$F$8:$BH$32,MATCH($B60,'4. Recovered capital'!$D$8:$D$32,0),MATCH(F$57,'4. Recovered capital'!$F$8:$BH$8,0))/INDEX('4. Recovered capital'!$F$8:$BH$32,MATCH($B60,'4. Recovered capital'!$D$8:$D$32,0),MATCH(F$57-1,'4. Recovered capital'!$F$8:$BH$8,0))-1,"NA") -> 0.066897404 | G60: =IFERROR(INDEX('4. Recovered capital'!$F$8:$BH$32,MATCH($B60,'4. Recovered capital'!$D$8:$D$32,0),MATCH(G$57,'4. Recovered capital'!$F$8:$BH$8,0))/INDEX('4. Recovered capital'!$F$8:$BH$32,MATCH($B60,'4. Recovered capital'!$D$8:$D$32,0),MATCH(G$57-1,'4. Recovered capital'!$F$8:$BH$8,0))-1,"NA") -> 0.054464682
B61: Leased Asset Interest/Financing Charge | C61: =IFERROR(INDEX('4. Recovered capital'!$F$8:$BH$32,MATCH($B61,'4. Recovered capital'!$D$8:$D$32,0),MATCH(C$57,'4. Recovered capital'!$F$8:$BH$8,0))/INDEX('4. Recovered capital'!$F$8:$BH$32,MATCH($B61,'4. Recovered capital'!$D$8:$D$32,0),MATCH(C$57-1,'4. Recovered capital'!$F$8:$BH$8,0))-1,"NA") -> NA | D61: =IFERROR(INDEX('4. Recovered capital'!$F$8:$BH$32,MATCH($B61,'4. Recovered capital'!$D$8:$D$32,0),MATCH(D$57,'4. Recovered capital'!$F$8:$BH$8,0))/INDEX('4. Recovered capital'!$F$8:$BH$32,MATCH($B61,'4. Recovered capital'!$D$8:$D$32,0),MATCH(D$57-1,'4. Recovered capital'!$F$8:$BH$8,0))-1,"NA") -> NA | E61: =IFERROR(INDEX('4. Recovered capital'!$F$8:$BH$32,MATCH($B61,'4. Recovered capital'!$D$8:$D$32,0),MATCH(E$57,'4. Recovered capital'!$F$8:$BH$8,0))/INDEX('4. Recovered capital'!$F$8:$BH$32,MATCH($B61,'4. Recovered capital'!$D$8:$D$32,0),MATCH(E$57-1,'4. Recovered capital'!$F$8:$BH$8,0))-1,"NA") -> NA | F61: =IFERROR(INDEX('4. Recovered capital'!$F$8:$BH$32,MATCH($B61,'4. Recovered capital'!$D$8:$D$32,0),MATCH(F$57,'4. Recovered capital'!$F$8:$BH$8,0))/INDEX('4. Recovered capital'!$F$8:$BH$32,MATCH($B61,'4. Recovered capital'!$D$8:$D$32,0),MATCH(F$57-1,'4. Recovered capital'!$F$8:$BH$8,0))-1,"NA") -> NA | G61: =IFERROR(INDEX('4. Recovered capital'!$F$8:$BH$32,MATCH($B61,'4. Recovered capital'!$D$8:$D$32,0),MATCH(G$57,'4. Recovered capital'!$F$8:$BH$8,0))/INDEX('4. Recovered capital'!$F$8:$BH$32,MATCH($B61,'4. Recovered capital'!$D$8:$D$32,0),MATCH(G$57-1,'4. Recovered capital'!$F$8:$BH$8,0))-1,"NA") -> -0.13734633
B62: Return on capital | C62: =IFERROR(INDEX('4. Recovered capital'!$F$8:$BH$32,MATCH($B62,'4. Recovered capital'!$D$8:$D$32,0),MATCH(C$57,'4. Recovered capital'!$F$8:$BH$8,0))/INDEX('4. Recovered capital'!$F$8:$BH$32,MATCH($B62,'4. Recovered capital'!$D$8:$D$32,0),MATCH(C$57-1,'4. Recovered capital'!$F$8:$BH$8,0))-1,"NA") -> -0.060549446 | D62: =IFERROR(INDEX('4. Recovered capital'!$F$8:$BH$32,MATCH($B62,'4. Recovered capital'!$D$8:$D$32,0),MATCH(D$57,'4. Recovered capital'!$F$8:$BH$8,0))/INDEX('4. Recovered capital'!$F$8:$BH$32,MATCH($B62,'4. Recovered capital'!$D$8:$D$32,0),MATCH(D$57-1,'4. Recovered capital'!$F$8:$BH$8,0))-1,"NA") -> -0.091075439 | E62: =IFERROR(INDEX('4. Recovered capital'!$F$8:$BH$32,MATCH($B62,'4. Recovered capital'!$D$8:$D$32,0),MATCH(E$57,'4. Recovered capital'!$F$8:$BH$8,0))/INDEX('4. Recovered capital'!$F$8:$BH$32,MATCH($B62,'4. Recovered capital'!$D$8:$D$32,0),MATCH(E$57-1,'4. Recovered capital'!$F$8:$BH$8,0))-1,"NA") -> -0.2055274 | F62: =IFERROR(INDEX('4. Recovered capital'!$F$8:$BH$32,MATCH($B62,'4. Recovered capital'!$D$8:$D$32,0),MATCH(F$57,'4. Recovered capital'!$F$8:$BH$8,0))/INDEX('4. Recovered capital'!$F$8:$BH$32,MATCH($B62,'4. Recovered capital'!$D$8:$D$32,0),MATCH(F$57-1,'4. Recovered capital'!$F$8:$BH$8,0))-1,"NA") -> 2.2545112 | G62: =IFERROR(INDEX('4. Recovered capital'!$F$8:$BH$32,MATCH($B62,'4. Recovered capital'!$D$8:$D$32,0),MATCH(G$57,'4. Recovered capital'!$F$8:$BH$8,0))/INDEX('4. Recovered capital'!$F$8:$BH$32,MATCH($B62,'4. Recovered capital'!$D$8:$D$32,0),MATCH(G$57-1,'4. Recovered capital'!$F$8:$BH$8,0))-1,"NA") -> 0.0424601
B63: Total Return of Capital | C63: =IFERROR(INDEX('4. Recovered capital'!$F$8:$BH$32,MATCH($B63,'4. Recovered capital'!$D$8:$D$32,0),MATCH(C$57,'4. Recovered capital'!$F$8:$BH$8,0))/INDEX('4. Recovered capital'!$F$8:$BH$32,MATCH($B63,'4. Recovered capital'!$D$8:$D$32,0),MATCH(C$57-1,'4. Recovered capital'!$F$8:$BH$8,0))-1,"NA") -> 0.98037271 | D63: =IFERROR(INDEX('4. Recovered capital'!$F$8:$BH$32,MATCH($B63,'4. Recovered capital'!$D$8:$D$32,0),MATCH(D$57,'4. Recovered capital'!$F$8:$BH$8,0))/INDEX('4. Recovered capital'!$F$8:$BH$32,MATCH($B63,'4. Recovered capital'!$D$8:$D$32,0),MATCH(D$57-1,'4. Recovered capital'!$F$8:$BH$8,0))-1,"NA") -> -0.24020993 | E63: =IFERROR(INDEX('4. Recovered capital'!$F$8:$BH$32,MATCH($B63,'4. Recovered capital'!$D$8:$D$32,0),MATCH(E$57,'4. Recovered capital'!$F$8:$BH$8,0))/INDEX('4. Recovered capital'!$F$8:$BH$32,MATCH($B63,'4. Recovered capital'!$D$8:$D$32,0),MATCH(E$57-1,'4. Recovered capital'!$F$8:$BH$8,0))-1,"NA") -> 0.81695882 | F63: =IFERROR(INDEX('4. Recovered capital'!$F$8:$BH$32,MATCH($B63,'4. Recovered capital'!$D$8:$D$32,0),MATCH(F$57,'4. Recovered capital'!$F$8:$BH$8,0))/INDEX('4. Recovered capital'!$F$8:$BH$32,MATCH($B63,'4. Recovered capital'!$D$8:$D$32,0),MATCH(F$57-1,'4. Recovered capital'!$F$8:$BH$8,0))-1,"NA") -> 0.083194964 | G63: =IFERROR(INDEX('4. Recovered capital'!$F$8:$BH$32,MATCH($B63,'4. Recovered capital'!$D$8:$D$32,0),MATCH(G$57,'4. Recovered capital'!$F$8:$BH$8,0))/INDEX('4. Recovered capital'!$F$8:$BH$32,MATCH($B63,'4. Recovered capital'!$D$8:$D$32,0),MATCH(G$57-1,'4. Recovered capital'!$F$8:$BH$8,0))-1,"NA") -> 0.16448108
B66: Weighted average price (Table 5.1) | C66: Capacity based charges | F66: Volumetric based charges
B67: Service description | C67: Revenue $'000 | D67: MDQ Total TJ | E67: WAP $/GJ | F67: Revenue $'000 | G67: Total TJ | H67: WAP $/GJ
B68: Transportation services
B69: Firm forward haul transportation services
B70: Postage Stamp | C70: ='5. Weighted average price'!M12 -> 11224.928 | D70: ='5. Weighted average price'!N12 -> 20044.288 | E70: ='5. Weighted average price'!O12 -> 0.56000636 | F70: ='5. Weighted average price'!P12 -> 365.19024 | G70: ='5. Weighted average price'!Q12 -> 10289.137 | H70: ='5. Weighted average price'!R12 -> 0.035492794
B71: Zonal based - Zone 1 | C71: ='5. Weighted average price'!T12 -> 0 | D71: ='5. Weighted average price'!U12 -> 0 | E71: ='5. Weighted average price'!V12 -> 0 | F71: ='5. Weighted average price'!W12 -> 0 | G71: ='5. Weighted average price'!X12 -> 0 | H71: ='5. Weighted average price'!Y12 -> 0
B72: Zonal based - Zone 2 | C72: ='5. Weighted average price'!Z12 -> 0 | D72: ='5. Weighted average price'!AA12 -> 0 | E72: ='5. Weighted average price'!AB12 -> 0 | F72: ='5. Weighted average price'!AC12 -> 0 | G72: ='5. Weighted average price'!AD12 -> 0 | H72: ='5. Weighted average price'!AE12 -> 0
B73: Zonal based - Zone 3 | C73: ='5. Weighted average price'!AF12 -> 0 | D73: ='5. Weighted average price'!AG12 -> 0 | E73: ='5. Weighted average price'!AH12 -> 0 | F73: ='5. Weighted average price'!AI12 -> 0 | G73: ='5. Weighted average price'!AJ12 -> 0 | H73: ='5. Weighted average price'!AK12 -> 0
B74: Distance based - Major delivery point 1 | C74: ='5. Weighted average price'!AM12 -> 0 | D74: ='5. Weighted average price'!AN12 -> 0 | E74: ='5. Weighted average price'!AO12 -> 0 | F74: ='5. Weighted average price'!AP12 -> 0 | G74: ='5. Weighted average price'!AQ12 -> 0 | H74: ='5. Weighted average price'!AR12 -> 0
B75: Distance based - Major delivery point 2 | C75: ='5. Weighted average price'!AS12 -> 0 | D75: ='5. Weighted average price'!AT12 -> 0 | E75: ='5. Weighted average price'!AU12 -> 0 | F75: ='5. Weighted average price'!AV12 -> 0 | G75: ='5. Weighted average price'!AW12 -> 0 | H75: ='5. Weighted average price'!AX12 -> 0
B76: Distance based - Major delivery point 3 | C76: ='5. Weighted average price'!AY12 -> 0 | D76: ='5. Weighted average price'!AZ12 -> 0 | E76: ='5. Weighted average price'!BA12 -> 0 | F76: ='5. Weighted average price'!BB12 -> 0 | G76: ='5. Weighted average price'!BC12 -> 0 | H76: ='5. Weighted average price'!BD12 -> 0
B77: Distance based - Other delivery points | C77: ='5. Weighted average price'!BE12 -> 0 | D77: ='5. Weighted average price'!BF12 -> 0 | E77: ='5. Weighted average price'!BG12 -> 0 | F77: ='5. Weighted average price'!BH12 -> 0 | G77: ='5. Weighted average price'!BI12 -> 0 | H77: ='5. Weighted average price'!BJ12 -> 0
B78: Interruptible or as available transportation services
B79: Postage Stamp | C79: ='5. Weighted average price'!M13 -> 119.64032 | D79: ='5. Weighted average price'!N13 -> 730 | E79: ='5. Weighted average price'!O13 -> 0.16389085 | F79: ='5. Weighted average price'!P13 -> 106.44964 | G79: ='5. Weighted average price'!Q13 -> 539.033 | H79: ='5. Weighted average price'!R13 -> 0.19748259
B80: Zonal based - Zone 1 | C80: ='5. Weighted average price'!T13 -> 0 | D80: ='5. Weighted average price'!U13 -> 0 | E80: ='5. Weighted average price'!V13 -> 0 | F80: ='5. Weighted average price'!W13 -> 0 | G80: ='5. Weighted average price'!X13 -> 0 | H80: ='5. Weighted average price'!Y13 -> 0
B81: Zonal based - Zone 2 | C81: ='5. Weighted average price'!Z13 -> 0 | D81: ='5. Weighted average price'!AA13 -> 0 | E81: ='5. Weighted average price'!AB13 -> 0 | F81: ='5. Weighted average price'!AC13 -> 0 | G81: ='5. Weighted average price'!AD13 -> 0 | H81: ='5. Weighted average price'!AE13 -> 0
B82: Zonal based - Zone 3 | C82: ='5. Weighted average price'!AF13 -> 0 | D82: ='5. Weighted average price'!AG13 -> 0 | E82: ='5. Weighted average price'!AH13 -> 0 | F82: ='5. Weighted average price'!AI13 -> 0 | G82: ='5. Weighted average price'!AJ13 -> 0 | H82: ='5. Weighted average price'!AK13 -> 0
B83: Distance based - Major delivery point 1 | C83: ='5. Weighted average price'!AM13 -> 0 | D83: ='5. Weighted average price'!AN13 -> 0 | E83: ='5. Weighted average price'!AO13 -> 0 | F83: ='5. Weighted average price'!AP13 -> 0 | G83: ='5. Weighted average price'!AQ13 -> 0 | H83: ='5. Weighted average price'!AR13 -> 0
B84: Distance based - Major delivery point 2 | C84: ='5. Weighted average price'!AS13 -> 0 | D84: ='5. Weighted average price'!AT13 -> 0 | E84: ='5. Weighted average price'!AU13 -> 0 | F84: ='5. Weighted average price'!AV13 -> 0 | G84: ='5. Weighted average price'!AW13 -> 0 | H84: ='5. Weighted average price'!AX13 -> 0
B85: Distance based - Major delivery point 3 | C85: ='5. Weighted average price'!AY13 -> 0 | D85: ='5. Weighted average price'!AZ13 -> 0 | E85: ='5. Weighted average price'!BA13 -> 0 | F85: ='5. Weighted average price'!BB13 -> 0 | G85: ='5. Weighted average price'!BC13 -> 0 | H85: ='5. Weighted average price'!BD13 -> 0
B86: Distance based - Other delivery points | C86: ='5. Weighted average price'!BE13 -> 0 | D86: ='5. Weighted average price'!BF13 -> 0 | E86: ='5. Weighted average price'!BG13 -> 0 | F86: ='5. Weighted average price'!BH13 -> 0 | G86: ='5. Weighted average price'!BI13 -> 0 | H86: ='5. Weighted average price'!BJ13 -> 0
B87: Backhaul services
B88: Postage Stamp | C88: ='5. Weighted average price'!M14 -> 0 | D88: ='5. Weighted average price'!N14 -> 0 | E88: ='5. Weighted average price'!O14 -> 0 | F88: ='5. Weighted average price'!P14 -> 0 | G88: ='5. Weighted average price'!Q14 -> 0 | H88: ='5. Weighted average price'!R14 -> 0
B89: Zonal based - Zone 1 | C89: ='5. Weighted average price'!T14 -> 0 | D89: ='5. Weighted average price'!U14 -> 0 | E89: ='5. Weighted average price'!V14 -> 0 | F89: ='5. Weighted average price'!W14 -> 0 | G89: ='5. Weighted average price'!X14 -> 0 | H89: ='5. Weighted average price'!Y14 -> 0
B90: Zonal based - Zone 2 | C90: ='5. Weighted average price'!Z14 -> 0 | D90: ='5. Weighted average price'!AA14 -> 0 | E90: ='5. Weighted average price'!AB14 -> 0 | F90: ='5. Weighted average price'!AC14 -> 0 | G90: ='5. Weighted average price'!AD14 -> 0 | H90: ='5. Weighted average price'!AE14 -> 0
B91: Zonal based - Zone 3 | C91: ='5. Weighted average price'!AF14 -> 0 | D91: ='5. Weighted average price'!AG14 -> 0 | E91: ='5. Weighted average price'!AH14 -> 0 | F91: ='5. Weighted average price'!AI14 -> 0 | G91: ='5. Weighted average price'!AJ14 -> 0 | H91: ='5. Weighted average price'!AK14 -> 0
B92: Distance based - Major delivery point 1 | C92: ='5. Weighted average price'!AM14 -> 0 | D92: ='5. Weighted average price'!AN14 -> 0 | E92: ='5. Weighted average price'!AO14 -> 0 | F92: ='5. Weighted average price'!AP14 -> 0 | G92: ='5. Weighted average price'!AQ14 -> 0 | H92: ='5. Weighted average price'!AR14 -> 0
B93: Distance based - Major delivery point 2 | C93: ='5. Weighted average price'!AS14 -> 0 | D93: ='5. Weighted average price'!AT14 -> 0 | E93: ='5. Weighted average price'!AU14 -> 0 | F93: ='5. Weighted average price'!AV14 -> 0 | G93: ='5. Weighted average price'!AW14 -> 0 | H93: ='5. Weighted average price'!AX14 -> 0
B94: Distance based - Major delivery point 3 | C94: ='5. Weighted average price'!AY14 -> 0 | D94: ='5. Weighted average price'!AZ14 -> 0 | E94: ='5. Weighted average price'!BA14 -> 0 | F94: ='5. Weighted average price'!BB14 -> 0 | G94: ='5. Weighted average price'!BC14 -> 0 | H94: ='5. Weighted average price'!BD14 -> 0
B95: Distance based - Other delivery points | C95: ='5. Weighted average price'!BE14 -> 0 | D95: ='5. Weighted average price'!BF14 -> 0 | E95: ='5. Weighted average price'!BG14 -> 0 | F95: ='5. Weighted average price'!BH14 -> 0 | G95: ='5. Weighted average price'!BI14 -> 0 | H95: ='5. Weighted average price'!BJ14 -> 0
B96: Stand alone compression services
B97: Firm stand alone compression services | C97: ='5. Weighted average price'!F16 -> 0 | D97: ='5. Weighted average price'!G16 -> 0 | E97: ='5. Weighted average price'!H16 -> 0 | F97: ='5. Weighted average price'!I16 -> 0 | G97: ='5. Weighted average price'!J16 -> 0 | H97: ='5. Weighted average price'!K16 -> 0
B98: Storage services
B99: Firm park/park and loan services | C99: ='5. Weighted average price'!F18 -> 0 | D99: ='5. Weighted average price'!G18 -> 0 | E99: ='5. Weighted average price'!H18 -> 0 | F99: ='5. Weighted average price'!I18 -> 0 | G99: ='5. Weighted average price'!J18 -> 0 | H99: ='5. Weighted average price'!K18 -> 0
B100: Exempt services | C100: ='5. Weighted average price'!F19 -> 0 | F100: ='5. Weighted average price'!I19 -> 0
B103: For information only | C103: As reported in 'Statement of pipeline assets' | D103: As reported in 'Recovered capital'
B104: Total asset value (depreciated book value vs. recovered capital method asset value) | C104: =C37 -> 73133478 | D104: =C52 -> 60387173
B105: Shared asset value as a % of total asset value | C105: =IFERROR('3. Statement of pipeline assets'!D99/'3. Statement of pipeline assets'!D100,0) -> 0.010441526 | D105: =IFERROR('4. Recovered capital'!E23/'4. Recovered capital'!E24,0) -> 0.018963226
B106: Pipeline asset value as a % of total asset value | C106: =IFERROR('3. Statement of pipeline assets'!D80/'3. Statement of pipeline assets'!D100,0) -> 0.98955847 | D106: =IFERROR('4. Recovered capital'!E16/'4. Recovered capital'!E24,0) -> 0.98103677
C107: As reported in 'Revenue and expenses'
B108: Direct revenue as a % of total revenue | C108: =IFERROR('2. Revenues and expenses'!D16/'2. Revenues and expenses'!D20,0) -> 1
B109: Indirect revenue as a % of total revenue | C109: =IFERROR('2. Revenues and expenses'!D19/'2. Revenues and expenses'!D20,0) -> 0
B110: Direct costs as a % of total costs | C110: =IFERROR('2. Revenues and expenses'!D30/'2. Revenues and expenses'!D42,0) -> 0.69595034
B111: Shared costs as a % of total costs | C111: =IFERROR('2. Revenues and expenses'!D41/'2. Revenues and expenses'!D42,0) -> 0.30404966
B114: For reconciliation | C114: As reported in 'Revenue and expenses' | D114: As reported in 'Depreciation amortisation'
B115: Depreciation for pipeline assets | C115: ='2. Revenues and expenses'!F24 -> -1391848.2 | D115: ='3.3 Depreciation amortisation'!N53 -> -1391848.2
...

Sheet 1. Pipeline information
B1: Pipeline information
B2: =Tradingname -> APA OPERATIONS PTY LIMITED
B3: Reporting Period | C3: =TEXT(Yearstart,"dd/mm/yyyy")&" to "&TEXT(Yearending,"dd/mm/yyyy") -> 01/07/2020 to 30/06/2021
B5: Table 1.1: Pipeline details
B7: Pipeline location | C7: Western Australia
B8: Pipeline length (km) | C8: 85
B9: Number of customers | C9: 6
B10: Service type | C10: Transmission
B12: Table 1.2: Pipeline services provided
B14: Service description | C14: Provided to non related parties | D14: Provided to related parties
B15: Transportation services
B16: Firm forward haul transportation service | C16: Yes | D16: Yes
B17: Interruptible or as available transportation service | C17: Yes | D17: No
B18: Backhaul services | C18: No | D18: No
B19: Stand-alone compression services
B20: Firm stand-alone compression service | C20: No | D20: No
B21: Interruptible or as available stand-alone compression service | C21: No | D21: No
B22: Storage services
B23: Park services | C23: No | D23: No
B24: Park and loan services | C24: No | D24: No
B25: Trading services
B26: Capacity trading service | C26: No | D26: No
B27: In pipe trading service | C27: No | D27: No
B28: Other (please specify)
B29: other service (insert description)
B30: other service (insert description)
B31: other service (insert description)
B32: other service (insert description)
B33: other service (insert description)
B34: other service (insert description)
B35: other service (insert description)
B36: other service (insert description)

Sheet 1.1 Financial performance
B1: Financial performance measures
B2: =Tradingname -> APA OPERATIONS PTY LIMITED
B3: Reporting Period | C3: =TEXT(Yearstart,"dd/mm/yyyy")&" to "&TEXT(Yearending,"dd/mm/yyyy") -> 01/07/2020 to 30/06/2021
B5: Table 1.1.1: Return on assets
C7: Pipeline
B8: Earnings before interest and tax | C8: ='2. Revenues and expenses'!F43 -> 6494282.4
B9: Total assets | C9: ='3. Statement of pipeline assets'!$D$100 -> 73133478
B10: Return on assets | C10: =IFERROR(C8/C9,0) -> 0.088800403

Sheet 2. Revenues and expenses
B1: Statement of pipeline revenues and expenses
B2: =Tradingname -> APA OPERATIONS PTY LIMITED
B3: Reporting Period | C3: =TEXT(Yearstart,"dd/mm/yyyy")&" to "&TEXT(Yearending,"dd/mm/yyyy") -> 01/07/2020 to 30/06/2021
B5: Table 2.1: Statement of pipeline revenues and expenses
D7: Reporting period | G7: Previous reporting period
B8: Basis of Preparation reference | C8: Description | D8: Amounts excluding related party transactions | E8: Related party transactions | F8: Total | G8: Amounts excluding related party transactions | H8: Related party transactions | I8: Total
D9: $ nominal | E9: $ nominal | F9: $ nominal | G9: $ nominal | H9: $ nominal | I9: $ nominal
C10: Direct revenue
B11: 2.3.1 & 2.3.1.1 | C11: Total service revenue | D11: ='2.1 Revenue by service'!D21 -> 6571910.6 | E11: ='2.1 Revenue by service'!E21 -> 5422667 | F11: =SUM(D11:E11) -> 11994578 | G11: ='2.1 Revenue by service'!G21 -> 6263375.6 | H11: ='2.1 Revenue by service'!H21 -> 5334153.2 | I11: =SUM(G11:H11) -> 11597529
C12: Customer contribution revenue | D12: ='2.2 Revenue contributions '!C15 -> 0 | E12: ='2.2 Revenue contributions '!D15 -> 0 | F12: =SUM(D12:E12) -> 0 | I12: =SUM(G12:H12) -> 0
C13: Government contribution revenue | D13: ='2.2 Revenue contributions '!D27 -> 0 | F13: =SUM(D13:E13) -> 0 | I13: =SUM(G13:H13) -> 0
C14: Profit from sale of fixed assets | D14: 0 | E14: 0 | F14: =SUM(D14:E14) -> 0 | I14: =SUM(G14:H14) -> 0
B15: 2.3.1 | C15: Other direct revenue | D15: 0 | E15: 0 | F15: =SUM(D15:E15) -> 0 | I15: =SUM(G15:H15) -> 0
C16: Total direct revenue | D16: =SUM(D11:D15) -> 6571910.6 | E16: =SUM(E11:E15) -> 5422667 | F16: =SUM(D16:E16) -> 11994578 | G16: =SUM(G11:G15) -> 6263375.6 | H16: =SUM(H11:H15) -> 5334153.2 | I16: =SUM(I11:I15) -> 11597529
C17: Indirect revenue allocated
C18: Other revenue | D18: ='2.3 Indirect revenue'!G36 -> 0 | E18: ='2.3 Indirect revenue'!H36 -> 0 | F18: =SUM(D18:E18) -> 0 | I18: =SUM(G18:H18) -> 0
C19: Total indirect revenue allocated | D19: =SUM(D18:D18) -> 0 | E19: =SUM(E18:E18) -> 0 | F19: =SUM(F18:F18) -> 0 | G19: =SUM(G18:G18) -> 0 | H19: =SUM(H18:H18) -> 0 | I19: =SUM(I18:I18) -> 0
C20: Total revenue | D20: =D16+D19 -> 6571910.6 | E20: =E16+E19 -> 5422667 | F20: =F16+F19 -> 11994578 | G20: =G16+G19 -> 6263375.6 | H20: =H16+H19 -> 5334153.2 | I20: =I16+I19 -> 11597529
C21: Direct costs
B22: 2.3.2 | C22: Repairs and maintenance | D22: -2379.7072 | E22: -1963.5628 | F22: =SUM(D22:E22) -> -4343.27 | G22: -17663.093 | H22: -14996.237 | I22: =SUM(G22:H22) -> -32659.33
B23: 2.3.2 | C23: Wages | D23: -681987.76 | E23: -562727.14 | F23: =SUM(D23:E23) -> -1244714.9 | G23: -585095.99 | H23: -496755.48 | I23: =SUM(G23:H23) -> -1081851.5
B24: 2.3.2.1 | C24: Depreciation | D24: -762603.09 | E24: -629245.1 | F24: =SUM(D24:E24) -> -1391848.2 | G24: -690177.56 | H24: -585971.35 | I24: =SUM(G24:H24) -> -1276148.9
B25: 2.3.2 | C25: Insurance | D25: -17346.492 | E25: -14313.075 | F25: =SUM(D25:E25) -> -31659.567 | G25: -15049.819 | H25: -12777.528 | I25: =SUM(G25:H25) -> -27827.347
B26: 2.3.2 | C26: Licence and regulatory costs | D26: -2302.0195 | E26: -1899.4605 | F26: =SUM(D26:E26) -> -4201.48 | G26: -10552.644 | H26: -8959.3565 | I26: =SUM(G26:H26) -> -19512
B27: 2.3.2 | C27: Directly attributable finance charges | D27: -134.48833 | E27: -110.97007 | F27: =SUM(D27:E27) -> -245.4584 | G27: -343.60407 | H27: -291.72513 | I27: =SUM(G27:H27) -> -635.3292
B28: 2.3.2 | C28: Leasing and rental costs | D28: 0 | E28: 0 | F28: =SUM(D28:E28) -> 0 | G28: -4529.7082 | H28: -3845.7918 | I28: =SUM(G28:H28) -> -8375.5
B29: 2.3.2 | C29: Other direct costs | D29: -964840.55 | E29: -796116.87 | F29: =SUM(D29:E29) -> -1760957.4 | G29: -1355225 | H29: -1150606.8 | I29: =SUM(G29:H29) -> -2505831.8
C30: Total direct costs | D30: =SUM(D22:D29) -> -2431594.1 | E30: =SUM(E22:E29) -> -2006376.2 | F30: =SUM(F22:F29) -> -4437970.3 | G30: =SUM(G22:G29) -> -2678637.4 | H30: =SUM(H22:H29) -> -2274204.3 | I30: =SUM(I22:I29) -> -4952841.7
C31: Shared costs
C32: Employee costs | D32: =SUMIF('2.4 Shared costs'!$C$9:$C$35,'2. Revenues and expenses'!$C32,'2.4 Shared costs'!$H$9:$H$35) -> 0 | E32: =SUMIF('2.4 Shared costs'!$C$9:$C$35,'2. Revenues and expenses'!$C32,'2.4 Shared costs'!$I$9:$I$35) -> 0 | F32: =SUM(D32:E32) -> 0 | G32: 0 | H32: 0 | I32: =SUM(G32:H32) -> 0
C33: Information technology and communication costs | D33: =SUMIF('2.4 Shared costs'!$C$9:$C$35,'2. Revenues and expenses'!$C33,'2.4 Shared costs'!$H$9:$H$35) -> 0 | E33: =SUMIF('2.4 Shared costs'!$C$9:$C$35,'2. Revenues and expenses'!$C33,'2.4 Shared costs'!$I$9:$I$35) -> 0 | F33: =SUM(D33:E33) -> 0 | G33: 0 | H33: 0 | I33: =SUM(G33:H33) -> 0
C34: Indirect operating expenses | D34: =SUMIF('2.4 Shared costs'!$C$9:$C$35,'2. Revenues and expenses'!$C34,'2.4 Shared costs'!$H$9:$H$35) -> 0 | E34: =SUMIF('2.4 Shared costs'!$C$9:$C$35,'2. Revenues and expenses'!$C34,'2.4 Shared costs'!$I$9:$I$35) -> 0 | F34: =SUM(D34:E34) -> 0 | G34: 0 | H34: 0 | I34: =SUM(G34:H34) -> 0
B35: 2.3.2.1 | C35: Shared asset depreciation | D35: =SUMIF('2.4 Shared costs'!$C$9:$C$35,'2. Revenues and expenses'!$C35,'2.4 Shared costs'!$H$9:$H$35) -> -154120.15 | E35: =SUMIF('2.4 Shared costs'!$C$9:$C$35,'2. Revenues and expenses'!$C35,'2.4 Shared costs'!$I$9:$I$35) -> 0 | F35: =SUM(D35:E35) -> -154120.15 | G35: -108494.73 | H35: 0 | I35: =SUM(G35:H35) -> -108494.73
C36: Rental and leasing costs | D36: =SUMIF('2.4 Shared costs'!$C$9:$C$35,'2. Revenues and expenses'!$C36,'2.4 Shared costs'!$H$9:$H$35) -> 0 | E36: =SUMIF('2.4 Shared costs'!$C$9:$C$35,'2. Revenues and expenses'!$C36,'2.4 Shared costs'!$I$9:$I$35) -> 0 | F36: =SUM(D36:E36) -> 0 | G36: 0 | H36: 0 | I36: =SUM(G36:H36) -> 0
C37: Borrowing costs | D37: =SUMIF('2.4 Shared costs'!$C$9:$C$35,'2. Revenues and expenses'!$C37,'2.4 Shared costs'!$H$9:$H$35) -> 0 | E37: =SUMIF('2.4 Shared costs'!$C$9:$C$35,'2. Revenues and expenses'!$C37,'2.4 Shared costs'!$I$9:$I$35) -> 0 | F37: =SUM(D37:E37) -> 0 | G37: 0 | H37: 0 | I37: =SUM(G37:H37) -> 0
C38: Loss from sale of shared fixed assets | D38: =SUMIF('2.4 Shared costs'!$C$9:$C$35,'2. Revenues and expenses'!$C38,'2.4 Shared costs'!$H$9:$H$35) -> 0 | E38: =SUMIF('2.4 Shared costs'!$C$9:$C$35,'2. Revenues and expenses'!$C38,'2.4 Shared costs'!$I$9:$I$35) -> 0 | F38: =SUM(D38:E38) -> 0 | G38: 0 | H38: 0 | I38: =SUM(G38:H38) -> 0
B39: 2.4.4 | C39: Impairment losses (nature of the impairment loss) | D39: =SUMIF('2.4 Shared costs'!$C$9:$C$35,'2. Revenues and expenses'!$C39,'2.4 Shared costs'!$H$9:$H$35) -> 0 | E39: =SUMIF('2.4 Shared costs'!$C$9:$C$35,'2. Revenues and expenses'!$C39,'2.4 Shared costs'!$I$9:$I$35) -> 0 | F39: =SUM(D39:E39) -> 0 | G39: 0 | H39: 0 | I39: =SUM(G39:H39) -> 0
B40: 2.3.2.2 | C40: Other shared costs | D40: =SUMIF('2.4 Shared costs'!$C$9:$C$35,'2. Revenues and expenses'!$C40,'2.4 Shared costs'!$H$9:$H$35) -> -908204.76 | E40: =SUMIF('2.4 Shared costs'!$C$9:$C$35,'2. Revenues and expenses'!$C40,'2.4 Shared costs'!$I$9:$I$35) -> 0 | F40: =SUM(D40:E40) -> -908204.76 | G40: -592332.89 | H40: 0 | I40: =SUM(G40:H40) -> -592332.89
C41: Total shared costs allocated | D41: =SUM(D32:D40) -> -1062324.9 | E41: =SUM(E32:E40) -> 0 | F41: =SUM(F32:F40) -> -1062324.9 | G41: -700827.62 | H41: 0 | I41: =SUM(I32:I40) -> -700827.62
C42: Total costs | D42: =D30+D41 -> -3493919 | E42: =E30+E41 -> -2006376.2 | F42: =F30+F41 -> -5500295.2 | G42: -3379465 | H42: -2274204.3 | I42: =I30+I41 -> -5653669.3
C43: Earnings before Interest and tax (EBIT) | D43: =D20+D42 -> 3077991.6 | E43: =E20+E42 -> 3416290.8 | F43: =F20+F42 -> 6494282.4 | G43: 2892807.8 | H43: 3051051.7 | I43: =I20+I42 -> 5943859.5

Sheet 2.1 Revenue by service
B1: Revenue by service
B2: =Tradingname -> APA OPERATIONS PTY LIMITED
B3: Reporting Period | C3: =TEXT(Yearstart,"dd/mm/yyyy")&" to "&TEXT(Yearending,"dd/mm/yyyy") -> 01/07/2020 to 30/06/2021
B5: Table 2.1.1: Revenue by service
D7: Reporting period | G7: Previous reporting period
B8: Basis of Preparation reference | C8: Description | D8: Amounts excluding related party transactions | E8: Related party transactions | F8: Total | G8: Amounts excluding related party transactions | H8: Related party transactions | I8: Total
D9: $ nominal | E9: $ nominal | F9: $ nominal | G9: $ nominal | H9: $ nominal | I9: $ nominal
C10: Revenue by service
B11: 2.3.1 & 2.3.1.1 | C11: Firm forward haul transportation services | D11: 6330131.7 | E11: 5259986.9 | F11: =SUM(D11:E11) -> 11590119 | G11: 6033976.7 | H11: 5171028 | I11: =SUM(G11:H11) -> 11205005
B12: 2.3.1 | C12: Interruptible or as available transportation services | D12: 226089.96 | E12: 0 | F12: =SUM(D12:E12) -> 226089.96 | G12: 147529.06 | H12: 0 | I12: =SUM(G12:H12) -> 147529.06
B13: 2.3.1 | C13: Backhaul services | D13: 0 | E13: 0 | F13: =SUM(D13:E13) -> 0 | G13: 0 | H13: 0 | I13: =SUM(G13:H13) -> 0
B14: 2.3.1 | C14: Firm stand-alone compression service | D14: 0 | E14: 0 | F14: =SUM(D14:E14) -> 0 | G14: 0 | H14: 0 | I14: =SUM(G14:H14) -> 0
B15: 2.3.1 | C15: Interruptible or as available stand-alone compression service | D15: 0 | E15: 0 | F15: =SUM(D15:E15) -> 0 | G15: 0 | H15: 0 | I15: =SUM(G15:H15) -> 0
B16: 2.3.1 | C16: Park services | D16: 0 | E16: 0 | F16: =SUM(D16:E16) -> 0 | G16: 0 | H16: 0 | I16: =SUM(G16:H16) -> 0
B17: 2.3.1 | C17: Park and loan services | D17: 0 | E17: 0 | F17: =SUM(D17:E17) -> 0 | G17: 0 | H17: 0 | I17: =SUM(G17:H17) -> 0
B18: 2.3.1 | C18: Capacity trading service | D18: 0 | E18: 0 | F18: =SUM(D18:E18) -> 0 | G18: 0 | H18: 0 | I18: =SUM(G18:H18) -> 0
B19: 2.3.1 | C19: In pipe trading service | D19: 0 | E19: 0 | F19: =SUM(D19:E19) -> 0 | G19: 0 | H19: 0 | I19: =SUM(G19:H19) -> 0
B20: 2.3.1 | C20: Other pipeline revenue (if relevant) | D20: 15688.96 | E20: 162680.01 | F20: =SUM(D20:E20) -> 178368.97 | G20: 81869.86 | H20: 163125.19 | I20: =SUM(G20:H20) -> 244995.05
C21: Total service revenue | D21: =SUM(D11:D20) -> 6571910.6 | E21: =SUM(E11:E20) -> 5422667 | F21: =SUM(F11:F20) -> 11994578 | G21: =SUM(G11:G20) -> 6263375.6 | H21: =SUM(H11:H20) -> 5334153.2 | I21: =SUM(I11:I20) -> 11597529

Sheet 2.2 Revenue contributions 
B1: Revenue - contributions
B2: =Tradingname -> APA OPERATIONS PTY LIMITED
B3: Reporting Period | C3: =TEXT(Yearstart,"dd/mm/yyyy")&" to "&TEXT(Yearending,"dd/mm/yyyy") -> 01/07/2020 to 30/06/2021
B5: Table 2.2.1: Customer contributions received
B7: Description | C7: Amounts excluding related party transactions | D7: Related party transactions | E7: Total
C8: $ nominal | D8: $ nominal | E8: $ nominal
B9: Customer Contributions | C9: 0 | D9: 0 | E9: =SUM(C9:D9) -> 0
E10: =SUM(C10:D10) -> 0
E11: =SUM(C11:D11) -> 0
E12: =SUM(C12:D12) -> 0
E13: =SUM(C13:D13) -> 0
E14: =SUM(C14:D14) -> 0
B15: Total | C15: =SUM(C9:C14) -> 0 | D15: =SUM(D9:D14) -> 0 | E15: =SUM(E9:E14) -> 0
B17: Table 2.2.2: Government contributions received
B19: Source | C19: Description | D19: Total
D20: $ nominal
B27: Total | D27: =SUM(D21:D26) -> 0

Sheet 2.3 Indirect revenue
B1: Indirect revenue
B2: =Tradingname -> APA OPERATIONS PTY LIMITED | E2: Please ensure allocation methodologies are explained in sufficient detail in the Basis of Preparation as required under section 3.2.4 of the Guideline
B3: Reporting Period | C3: =TEXT(Yearstart,"dd/mm/yyyy")&" to "&TEXT(Yearending,"dd/mm/yyyy") -> 01/07/2020 to 30/06/2021
B5: Table 2.3.1: Indirect revenue allocation
B7: Basis of Preparation reference | C7: Description | D7: Indirect revenue excluding related parties | E7: Indirect revenue from related parties | F7: % allocated to pipeline | G7: Total allocated to pipeline excluding related parties | H7: Total related party amounts allocated to pipeline
C8: (list each individual revenue item) | D8: $ nominal | E8: $ nominal | G8: $ nominal | H8: $ nominal
G9: =D9*F9 -> 0 | H9: =E9*F9 -> 0
G10: =D10*F10 -> 0 | H10: =E10*F10 -> 0
G11: =D11*F11 -> 0 | H11: =E11*F11 -> 0
G12: =D12*F12 -> 0 | H12: =E12*F12 -> 0
G13: =D13*F13 -> 0 | H13: =E13*F13 -> 0
G14: =D14*F14 -> 0 | H14: =E14*F14 -> 0
G15: =D15*F15 -> 0 | H15: =E15*F15 -> 0
G16: =D16*F16 -> 0 | H16: =E16*F16 -> 0
G17: =D17*F17 -> 0 | H17: =E17*F17 -> 0
G18: =D18*F18 -> 0 | H18: =E18*F18 -> 0
G19: =D19*F19 -> 0 | H19: =E19*F19 -> 0
G20: =D20*F20 -> 0 | H20: =E20*F20 -> 0
... G35: =D35*F35 -> 0 | H35: =E35*F35 -> 0
C36: Total | D36: =SUM(D9:D35) -> 0 | E36: =SUM(E9:E35) -> 0 | G36: =SUM(G9:G35) -> 0 | H36: =SUM(H9:H35) -> 0

Sheet 2.4 Shared costs
B1: Shared costs
B2: =Tradingname -> APA OPERATIONS PTY LIMITED | E2: Please ensure allocation methodologies are explained in sufficient detail in the Basis of Preparation as required under section 3.2.4 of the Guideline
B3: Reporting Period | C3: =TEXT(Yearstart,"dd/mm/yyyy")&" to "&TEXT(Yearending,"dd/mm/yyyy") -> 01/07/2020 to 30/06/2021
B5: Table 2.4.1: Shared cost allocation
B7: Basis of Preparation reference | C7: Description | D7: Income statement account applied to | E7: Shared costs excluding related parties | F7: Shared costs paid to related parties | G7: % allocated to pipeline | H7: Total allocated to pipeline excluding related parties | I7: Total related party amounts allocated to pipeline
C8: (list each individual cost) | E8: $ nominal | F8: $ nominal | H8: $ nominal | I8: $ nominal
C9: Employee costs | H9: =E9*G9 -> 0 | I9: =F9*G9 -> 0
C10: Information technology and communication costs | H10: =E10*G10 -> 0 | I10: =F10*G10 -> 0
C11: Indirect operating expenses | H11: =E11*G11 -> 0 | I11: =F11*G11 -> 0
B12: 2.3.2.1 | C12: Shared asset depreciation | E12: -30443326 | G12: 0.0050625266 | H12: =E12*G12 -> -154120.15 | I12: =F12*G12 -> 0
C13: Rental and leasing costs | H13: =E13*G13 -> 0 | I13: =F13*G13 -> 0
C14: Borrowing costs | H14: =E14*G14 -> 0 | I14: =F14*G14 -> 0
C15: Loss from sale of shared fixed assets | H15: =E15*G15 -> 0 | I15: =F15*G15 -> 0
C16: Impairment losses (nature of the impairment loss) | H16: =E16*G16 -> 0 | I16: =F16*G16 -> 0
C17: Other shared costs | E17: =SUM(E18:E35) -> -1.0740645e+08 | F17: =SUM(F18:F35) -> 0 | H17: =SUM(H18:H35) -> -908204.76 | I17: =SUM(I18:I35) -> 0
B18: 2.3.2.2 | C18: Corporate operating expenditure | E18: -98942992 | G18: 0.0084557749 | H18: =E18*G18 -> -836639.67 | I18: =F18*G18 -> 0
B19: 2.3.2.2 | C19: Shared leased interest | E19: -896322.44 | G19: =G18 -> 0.0084557749 | H19: =E19*G19 -> -7579.1008 | I19: =F19*G19 -> 0
B20: 2.3.2.1 | C20: Shared leased asset depreciation | E20: -7567134.2 | G20: =G19 -> 0.0084557749 | H20: =E20*G20 -> -63985.984 | I20: =F20*G20 -> 0
H21: =E21*G21 -> 0 | I21: =F21*G21 -> 0
H22: =E22*G22 -> 0 | I22: =F22*G22 -> 0
H23: =E23*G23 -> 0 | I23: =F23*G23 -> 0
H24: =E24*G24 -> 0 | I24: =F24*G24 -> 0
H25: =E25*G25 -> 0 | I25: =F25*G25 -> 0
H26: =E26*G26 -> 0 | I26: =F26*G26 -> 0
H27: =E27*G27 -> 0 | I27: =F27*G27 -> 0
H28: =E28*G28 -> 0 | I28: =F28*G28 -> 0
H29: =E29*G29 -> 0 | I29: =F29*G29 -> 0
H30: =E30*G30 -> 0 | I30: =F30*G30 -> 0
H31: =E31*G31 -> 0 | I31: =F31*G31 -> 0
H32: =E32*G32 -> 0 | I32: =F32*G32 -> 0
... H35: =E35*G35 -> 0 | I35: =F35*G35 -> 0
C36: Total | E36: =SUM(E9:E17) -> -1.3784977e+08 | F36: =SUM(F9:F17) -> 0 | H36: =SUM(H9:H17) -> -1062324.9 | I36: =SUM(I9:I17) -> 0

Sheet 3. Statement of pipeline assets
B1: Statement of pipeline assets
B2: =Tradingname -> APA OPERATIONS PTY LIMITED
B3: Reporting Period | C3: =TEXT(Yearstart,"dd/mm/yyyy")&" to "&TEXT(Yearending,"dd/mm/yyyy") -> 01/07/2020 to 30/06/2021
B5: Table 3.1: Pipeline assets
B7: Basis of Preparation reference | C7: Description | D7: Reporting period | E7: Previous reporting period
C8: Pipeline Assets
C9: Pipelines | D9: $ nominal | E9: $ nominal
B10: 2.4 | C10: Initial construction or acquisition costs | D10: =SUMIF('3.3 Depreciation amortisation'!$D$9:$D$52,'3. Statement of pipeline assets'!C9,'3.3 Depreciation amortisation'!$H$9:$H$52) -> 14964796 | E10: 14964796
B11: 2.4 | C11: Additions | D11: =SUMIF('3.3 Depreciation amortisation'!$D$9:$D$52,'3. Statement of pipeline assets'!C9,'3.3 Depreciation amortisation'!$I$9:$I$52) -> 16484785 | E11: 85583.53
B12: 2.4 | C12: Capitalised maintenance or improvements | D12: =SUMIF('3.3 Depreciation amortisation'!$D$9:$D$52,'3. Statement of pipeline assets'!C9,'3.3 Depreciation amortisation'!$J$9:$J$52) -> 214771.52 | E12: 214771.52
C13: Total capitalised pipeline construction costs | D13: =SUM(D10:D12) -> 31664352 | E13: =SUM(E10:E12) -> 15265151
B14: 2.4 | C14: Depreciation | D14: =SUMIF('3.3 Depreciation amortisation'!$D$9:$D$52,'3. Statement of pipeline assets'!C9,'3.3 Depreciation amortisation'!$M$9:$M$52)+SUMIF('3.3 Depreciation amortisation'!$D$9:$D$52,'3. Statement of pipeline assets'!C9,'3.3 Depreciation amortisation'!$N$9:$N$52) -> -2756233.3 | E14: -2461244.5
B15: 2.4 | C15: Disposals or early termination (at cost) | D15: =SUMIF('3.3 Depreciation amortisation'!$D$9:$D$52,'3. Statement of pipeline assets'!C9,'3.3 Depreciation amortisation'!$K$9:$K$52) -> 0 | E15: 0
C16: Closing pipeline carrying value | D16: =SUM(D13:D15) -> 28908119 | E16: =SUM(E13:E15) -> 12803906
C17: Compressors
B18: 2.4 | C18: Initial construction or acquisition costs | D18: =SUMIF('3.3 Depreciation amortisation'!$D$9:$D$52,'3. Statement of pipeline assets'!C17,'3.3 Depreciation amortisation'!$H$9:$H$52) -> 0 | E18: 0
B19: 2.4 | C19: Additions | D19: =SUMIF('3.3 Depreciation amortisation'!$D$9:$D$52,'3. Statement of pipeline assets'!C17,'3.3 Depreciation amortisation'!$I$9:$I$52) -> 33610379 | E19: 33610379
B20: 2.4 | C20: Capitalised maintenance or improvements | D20: =SUMIF('3.3 Depreciation amortisation'!$D$9:$D$52,'3. Statement of pipeline assets'!C17,'3.3 Depreciation amortisation'!$J$9:$J$52) -> 0 | E20: 0
B21: 2.4 | C21: Depreciation | D21: =SUMIF('3.3 Depreciation amortisation'!$D$9:$D$52,'3. Statement of pipeline assets'!C17,'3.3 Depreciation amortisation'!$M$9:$M$52)+SUMIF('3.3 Depreciation amortisation'!$D$9:$D$52,'3. Statement of pipeline assets'!C17,'3.3 Depreciation amortisation'!$N$9:$N$52) -> -2576999 | E21: -1617359.8
B22: 2.4 | C22: Disposal or early termination (at cost) | D22: =SUMIF('3.3 Depreciation amortisation'!$D$9:$D$52,'3. Statement of pipeline assets'!C17,'3.3 Depreciation amortisation'!$K$9:$K$52) -> 0 | E22: 0
C23: Closing compressors carrying value | D23: =SUM(D18:D22) -> 31033380 | E23: =SUM(E18:E22) -> 31993019
C24: City Gates, supply regulators and valve stations
B25: 2.4 | C25: Initial construction or acquisition costs | D25: =SUMIF('3.3 Depreciation amortisation'!$D$9:$D$52,'3. Statement of pipeline assets'!C24,'3.3 Depreciation amortisation'!$H$9:$H$52) -> 0 | E25: 0
B26: 2.4 | C26: Additions | D26: =SUMIF('3.3 Depreciation amortisation'!$D$9:$D$52,'3. Statement of pipeline assets'!C24,'3.3 Depreciation amortisation'!$I$9:$I$52) -> 3099080.7 | E26: 3099080.7
B27: 2.4 | C27: Capitalised maintenance or improvements | D27: =SUMIF('3.3 Depreciation amortisation'!$D$9:$D$52,'3. Statement of pipeline assets'!C24,'3.3 Depreciation amortisation'!$J$9:$J$52) -> 0 | E27: 0
B28: 2.4 | C28: Depreciation | D28: =SUMIF('3.3 Depreciation amortisation'!$D$9:$D$52,'3. Statement of pipeline assets'!C24,'3.3 Depreciation amortisation'!$M$9:$M$52)+SUMIF('3.3 Depreciation amortisation'!$D$9:$D$52,'3. Statement of pipeline assets'!C24,'3.3 Depreciation amortisation'!$N$9:$N$52) -> -103656.28 | E28: -41717.089
B29: 2.4 | C29: Disposal or early termination (at cost) | D29: =SUMIF('3.3 Depreciation amortisation'!$D$9:$D$52,'3. Statement of pipeline assets'!C24,'3.3 Depreciation amortisation'!$K$9:$K$52) -> 0 | E29: 0
C30: Closing city gates, supply regulators and valve stations carrying value | D30: =SUM(D25:D29) -> 2995424.4 | E30: =SUM(E25:E29) -> 3057363.6
C31: Metering
B32: 2.4 | C32: Initial construction or acquisition costs | D32: =SUMIF('3.3 Depreciation amortisation'!$D$9:$D$52,'3. Statement of pipeline assets'!C31,'3.3 Depreciation amortisation'!$H$9:$H$52) -> 0 | E32: 0
B33: 2.4 | C33: Additions | D33: =SUMIF('3.3 Depreciation amortisation'!$D$9:$D$52,'3. Statement of pipeline assets'!C31,'3.3 Depreciation amortisation'!$I$9:$I$52) -> 1200317.1 | E33: 1200317.1
B34: 2.4 | C34: Capitalised maintenance or improvements | D34: =SUMIF('3.3 Depreciation amortisation'!$D$9:$D$52,'3. Statement of pipeline assets'!C31,'3.3 Depreciation amortisation'!$J$9:$J$52) -> 0 | E34: 0
B35: 2.4 | C35: Depreciation | D35: =SUMIF('3.3 Depreciation amortisation'!$D$9:$D$52,'3. Statement of pipeline assets'!C31,'3.3 Depreciation amortisation'!$M$9:$M$52)+SUMIF('3.3 Depreciation amortisation'!$D$9:$D$52,'3. Statement of pipeline assets'!C31,'3.3 Depreciation amortisation'!$N$9:$N$52) -> -103036.64 | E35: -79046.734
B36: 2.4 | C36: Disposal or early termination (at cost) | D36: =SUMIF('3.3 Depreciation amortisation'!$D$9:$D$52,'3. Statement of pipeline assets'!C31,'3.3 Depreciation amortisation'!$K$9:$K$52) -> 0 | E36: 0
C37: Closing Metering | D37: =SUM(D32:D36) -> 1097280.4 | E37: =SUM(E32:E36) -> 1121270.4
C38: Odorant plants
B39: 2.4 | C39: Initial construction or acquisition costs | D39: =SUMIF('3.3 Depreciation amortisation'!$D$9:$D$52,'3. Statement of pipeline assets'!C38,'3.3 Depreciation amortisation'!$H$9:$H$52) -> 0 | E39: 0
B40: 2.4 | C40: Additions | D40: =SUMIF('3.3 Depreciation amortisation'!$D$9:$D$52,'3. Statement of pipeline assets'!C38,'3.3 Depreciation amortisation'!$I$9:$I$52) -> 0 | E40: 0
B41: 2.4 | C41: Capitalised maintenance or improvements | D41: =SUMIF('3.3 Depreciation amortisation'!$D$9:$D$52,'3. Statement of pipeline assets'!C38,'3.3 Depreciation amortisation'!$J$9:$J$52) -> 0 | E41: 0
B42: 2.4 | C42: Depreciation | D42: =SUMIF('3.3 Depreciation amortisation'!$D$9:$D$52,'3. Statement of pipeline assets'!C38,'3.3 Depreciation amortisation'!$M$9:$M$52)+SUMIF('3.3 Depreciation amortisation'!$D$9:$D$52,'3. Statement of pipeline assets'!C38,'3.3 Depreciation amortisation'!$N$9:$N$52) -> 0 | E42: 0
B43: 2.4 | C43: Disposal or early termination (at cost) | D43: =SUMIF('3.3 Depreciation amortisation'!$D$9:$D$52,'3. Statement of pipeline assets'!C38,'3.3 Depreciation amortisation'!$K$9:$K$52) -> 0 | E43: 0
C44: Closing odorant plants carrying value | D44: =SUM(D39:D43) -> 0 | E44: =SUM(E39:E43) -> 0
C45: SCADA (Communications)
B46: 2.4 | C46: Initial construction or acquisition costs | D46: =SUMIF('3.3 Depreciation amortisation'!$D$9:$D$52,'3. Statement of pipeline assets'!C45,'3.3 Depreciation amortisation'!$H$9:$H$52) -> 0 | E46: 0
B47: 2.4 | C47: Additions | D47: =SUMIF('3.3 Depreciation amortisation'!$D$9:$D$52,'3. Statement of pipeline assets'!C45,'3.3 Depreciation amortisation'!$I$9:$I$52) -> 46432.05 | E47: 42209.34
B48: 2.4 | C48: Capitalised maintenance or improvements | D48: =SUMIF('3.3 Depreciation amortisation'!$D$9:$D$52,'3. Statement of pipeline assets'!C45,'3.3 Depreciation amortisation'!$J$9:$J$52) -> 0 | E48: 0
B49: 2.4 | C49: Depreciation | D49: =SUMIF('3.3 Depreciation amortisation'!$D$9:$D$52,'3. Statement of pipeline assets'!C45,'3.3 Depreciation amortisation'!$M$9:$M$52)+SUMIF('3.3 Depreciation amortisation'!$D$9:$D$52,'3. Statement of pipeline assets'!C45,'3.3 Depreciation amortisation'!$N$9:$N$52) -> -4819.8026 | E49: -1864.4144
B50: 2.4 | C50: Disposal or early termination (at cost) | D50: =SUMIF('3.3 Depreciation amortisation'!$D$9:$D$52,'3. Statement of pipeline assets'!C45,'3.3 Depreciation amortisation'!$K$9:$K$52) -> 0 | E50: 0
C51: Closing SCADA carrying value | D51: =SUM(D46:D50) -> 41612.247 | E51: =SUM(E46:E50) -> 40344.926
C52: Buildings
B53: 2.4 | C53: Initial construction or acquisition costs | D53: =SUMIF('3.3 Depreciation amortisation'!$D$9:$D$52,'3. Statement of pipeline assets'!C52,'3.3 Depreciation amortisation'!$H$9:$H$52) -> 0 | E53: 0
B54: 2.4 | C54: Additions | D54: =SUMIF('3.3 Depreciation amortisation'!$D$9:$D$52,'3. Statement of pipeline assets'!C52,'3.3 Depreciation amortisation'!$I$9:$I$52) -> 442589.71 | E54: 442589.71
B55: 2.4 | C55: Capitalised maintenance or improvements | D55: =SUMIF('3.3 Depreciation amortisation'!$D$9:$D$52,'3. Statement of pipeline assets'!C52,'3.3 Depreciation amortisation'!$J$9:$J$52) -> 0 | E55: 0
B56: 2.4 | C56: Depreciation | D56: =SUMIF('3.3 Depreciation amortisation'!$D$9:$D$52,'3. Statement of pipeline assets'!C52,'3.3 Depreciation amortisation'!$M$9:$M$52)+SUMIF('3.3 Depreciation amortisation'!$D$9:$D$52,'3. Statement of pipeline assets'!C52,'3.3 Depreciation amortisation'!$N$9:$N$52) -> -9194.112 | E56: -3665.5274
B57: 2.4 | C57: Disposal or early termination (at cost) | D57: =SUMIF('3.3 Depreciation amortisation'!$D$9:$D$52,'3. Statement of pipeline assets'!C52,'3.3 Depreciation amortisation'!$K$9:$K$52) -> 0 | E57: 0
C58: Closing buildings carrying value | D58: =SUM(D53:D57) -> 433395.6 | E58: =SUM(E53:E57) -> 438924.18
C59: Land and easements
B60: 2.4 | C60: Initial construction or acquisition costs | D60: =SUMIF('3.3 Depreciation amortisation'!$D$9:$D$52,'3. Statement of pipeline assets'!C59,'3.3 Depreciation amortisation'!$H$9:$H$52) -> 0 | E60: 0
B61: 2.4 | C61: Additions | D61: =SUMIF('3.3 Depreciation amortisation'!$D$9:$D$52,'3. Statement of pipeline assets'!C59,'3.3 Depreciation amortisation'!$I$9:$I$52) -> 0 | E61: 0
B62: 2.4 | C62: Capitalised maintenance or improvements | D62: =SUMIF('3.3 Depreciation amortisation'!$D$9:$D$52,'3. Statement of pipeline assets'!C59,'3.3 Depreciation amortisation'!$J$9:$J$52) -> 0 | E62: 0
B63: 2.4 | C63: Disposal or early termination (at cost) | D63: =SUMIF('3.3 Depreciation amortisation'!$D$9:$D$52,'3. Statement of pipeline assets'!C59,'3.3 Depreciation amortisation'!$K$9:$K$52) -> 0 | E63: 0
C64: Closing land and easements carrying value | D64: =SUM(D60:D63) -> 0 | E64: =SUM(E60:E63) -> 0
C65: Other depreciable pipeline assets
B66: 2.4 | C66: Initial construction or acquisition costs | D66: =SUMIF('3.3 Depreciation amortisation'!$D$9:$D$52,'3. Statement of pipeline assets'!C65,'3.3 Depreciation amortisation'!$H$9:$H$52) -> 0 | E66: 0
B67: 2.4 | C67: Additions | D67: =SUMIF('3.3 Depreciation amortisation'!$D$9:$D$52,'3. Statement of pipeline assets'!C65,'3.3 Depreciation amortisation'!$I$9:$I$52) -> 1022067.9 | E67: 950382.66
B68: 2.4 | C68: Capitalised maintenance or improvements | D68: =SUMIF('3.3 Depreciation amortisation'!$D$9:$D$52,'3. Statement of pipeline assets'!C65,'3.3 Depreciation amortisation'!$J$9:$J$52) -> 0 | E68: 0
B69: 2.4 | C69: Depreciation | D69: =SUMIF('3.3 Depreciation amortisation'!$D$9:$D$52,'3. Statement of pipeline assets'!C65,'3.3 Depreciation amortisation'!$M$9:$M$52)+SUMIF('3.3 Depreciation amortisation'!$D$9:$D$52,'3. Statement of pipeline assets'!C65,'3.3 Depreciation amortisation'!$N$9:$N$52) -> -54527.654 | E69: -25291.004
B70: 2.4 | C70: Disposal or early termination (at cost) | D70: =SUMIF('3.3 Depreciation amortisation'!$D$9:$D$52,'3. Statement of pipeline assets'!C65,'3.3 Depreciation amortisation'!$K$9:$K$52) -> 0 | E70: 0
C71: Closing other depreciable pipeline assets carrying value | D71: =SUM(D66:D70) -> 967540.27 | E71: =SUM(E66:E70) -> 925091.66
C72: Leased Assets
B73: 2.4 | C73: Initial construction or acquisition costs | D73: =SUMIF('3.3 Depreciation amortisation'!$D$9:$D$52,'3. Statement of pipeline assets'!C72,'3.3 Depreciation amortisation'!$H$9:$H$52) -> 30992.144 | E73: 30992.144
B74: 2.4 | C74: Additions | D74: =SUMIF('3.3 Depreciation amortisation'!$D$9:$D$52,'3. Statement of pipeline assets'!C72,'3.3 Depreciation amortisation'!$I$9:$I$52) -> -1135.0856 | E74: 0
B75: 2.4 | C75: Capitalised maintenance or improvements | D75: =SUMIF('3.3 Depreciation amortisation'!$D$9:$D$52,'3. Statement of pipeline assets'!C72,'3.3 Depreciation amortisation'!$J$9:$J$52) -> 0 | E75: 0
B76: 2.4 | C76: Depreciation (Amortisation) | D76: =SUMIF('3.3 Depreciation amortisation'!$D$9:$D$52,'3. Statement of pipeline assets'!C72,'3.3 Depreciation amortisation'!$M$9:$M$52)+SUMIF('3.3 Depreciation amortisation'!$D$9:$D$52,'3. Statement of pipeline assets'!C72,'3.3 Depreciation amortisation'!$N$9:$N$52) -> -27874.488 | E76: -14304.101
B77: 2.4 | C77: Disposal or early termination (at cost) | D77: =SUMIF('3.3 Depreciation amortisation'!$D$9:$D$52,'3. Statement of pipeline assets'!C72,'3.3 Depreciation amortisation'!$K$9:$K$52) -> 0 | E77: 0
C78: Closing leased asset carrying value | D78: =SUM(D73:D77) -> 1982.5696 | E78: =SUM(E73:E77) -> 16688.043
B79: 2.4 | C79: Other non-depreciable pipeline assets | D79: 6891119.3 | E79: 11340386
C80: Total pipeline assets | D80: =SUM(D16,D23,D30,D37,D44,D51,D58,D64,D71,D78, D79) -> 72369853 | E80: =SUM(E16,E23,E30,E37,E44,E51,E58,E64,E71,E78, E79) -> 61736995
C81: Shared supporting assets allocated
C82: Shared property, plant and equipment
B83: 2.4.5 | C83: Initial construction or acquisition costs | D83: =SUMIF('3.3 Depreciation amortisation'!$D$60:$D$77,$C$82,'3.3 Depreciation amortisation'!$G$60:$G$77) -> 1204642.5 | E83: 1015048.5
B84: 2.4.5 | C84: Additions | D84: =SUMIF('3.3 Depreciation amortisation'!$D$60:$D$77,$C$82,'3.3 Depreciation amortisation'!$H$60:$H$77) -> 0 | E84: 0
B85: 2.4.5 | C85: Capitalised maintenance or improvements | D85: =SUMIF('3.3 Depreciation amortisation'!$D$60:$D$77,$C$82,'3.3 Depreciation amortisation'!$I$60:$I$77) -> 0 | E85: 0
B86: 2.4.5 | C86: Depreciation | D86: =SUMIF('3.3 Depreciation amortisation'!$D$60:$D$77,$C$82,'3.3 Depreciation amortisation'!$L$60:$L$77)+SUMIF('3.3 Depreciation amortisation'!$D$60:$D$77,$C$82,'3.3 Depreciation amortisation'!$M$60:$M$77) -> -546265.85 | E86: -392145.7
B87: 2.4.5 | C87: Disposal or early termination (at cost) | D87: =SUMIF('3.3 Depreciation amortisation'!$D$60:$D$77,$C$82,'3.3 Depreciation amortisation'!$J$60:$J$77) -> -65414.866 | E87: -53543.189
C88: Closing shared property, plant and equipment carrying value | D88: =SUM(D83:D87) -> 592961.81 | E88: =SUM(E83:E87) -> 569359.56
C89: Shared leased assets
B90: 2.4.5 | C90: Initial construction or acquisition costs | D90: =SUMIF('3.3 Depreciation amortisation'!$D$60:$D$77,$C$89,'3.3 Depreciation amortisation'!$G$60:$G$77) -> 172034.62 | E90: 172034.62
B91: 2.4.5 | C91: Additions | D91: =SUMIF('3.3 Depreciation amortisation'!$D$60:$D$77,$C$89,'3.3 Depreciation amortisation'!$H$60:$H$77) -> 125927.3 | E91: 66031.526
B92: 2.4.5 | C92: Capitalised maintenance or improvements | D92: =SUMIF('3.3 Depreciation amortisation'!$D$60:$D$77,$C$89,'3.3 Depreciation amortisation'!$I$60:$I$77) -> 0 | E92: 0
B93: 2.4.5 | C93: Depreciation (amortisation) | D93: =SUMIF('3.3 Depreciation amortisation'!$D$60:$D$77,$C$89,'3.3 Depreciation amortisation'!$L$60:$L$77)+SUMIF('3.3 Depreciation amortisation'!$D$60:$D$77,$C$89,'3.3 Depreciation amortisation'!$M$60:$M$77) -> -118357.88 | E93: -54371.894
B94: 2.4.5 | C94: Disposal or early termination (at cost) | D94: =SUMIF('3.3 Depreciation amortisation'!$D$60:$D$77,$C$89,'3.3 Depreciation amortisation'!$J$60:$J$77) -> -8940.75 | E94: -189.10444
C95: Closing shared leased asset carrying value | D95: =SUM(D90:D94) -> 170663.29 | E95: =SUM(E90:E94) -> 183505.15
C96: Inventories | D96: 0 | E96: 0
C97: Deferred tax assets | D97: 0 | E97: 0
C98: Other assets | D98: 0 | E98: 0
C99: Total shared supporting assets allocated | D99: =SUM(D88,D95:D98) -> 763625.1 | E99: =SUM(E88,E95:E98) -> 752864.71
C100: TOTAL ASSETS | D100: =SUM(D80,D99) -> 73133478 | E100: =SUM(E80,E99) -> 62489859

Sheet 3.1 Asset useful life
B1: Asset useful life
B2: =Tradingname -> APA OPERATIONS PTY LIMITED
B3: Reporting Period | C3: =TEXT(Yearstart,"dd/mm/yyyy")&" to "&TEXT(Yearending,"dd/mm/yyyy") -> 01/07/2020 to 30/06/2021
B5: Table 3.1.1: Asset useful life
B7: Basis of Preparation reference | C7: Description (list each individual balance sheet item) | D7: Acquisition date | E7: Useful life | F7: Reason for choosing this useful life
E8: years
B9: 2.4 | C9: ='3. Statement of pipeline assets'!C9 -> Pipelines | D9: =CONCATENATE("2/7/2007"," to ",TEXT(Yearending,"d/m/yyyy")) -> 2/7/2007 to 30/6/2021 | E9: 80 | F9: Per Appendix A - Pipeline asset lives
B10: 2.4 | C10: ='3. Statement of pipeline assets'!C17 -> Compressors | D10: =CONCATENATE("24/10/2018"," to ",TEXT(Yearending,"d/m/yyyy")) -> 24/10/2018 to 30/6/2021 | E10: 35 | F10: Per Appendix A - Pipeline asset lives
B11: 2.4 | C11: ='3. Statement of pipeline assets'!C24 -> City Gates, supply regulators and valve stations | D11: =CONCATENATE("1/6/2017"," to ",TEXT(Yearending,"d/m/yyyy")) -> 1/6/2017 to 30/6/2021 | E11: 50 | F11: Per Appendix A - Pipeline asset lives
B12: 2.4 | C12: ='3. Statement of pipeline assets'!C31 -> Metering | D12: =CONCATENATE("1/2/2015"," to ",TEXT(Yearending,"d/m/yyyy")) -> 1/2/2015 to 30/6/2021 | E12: 50 | F12: Per Appendix A - Pipeline asset lives
B13: 2.4 | C13: ='3. Statement of pipeline assets'!C38 -> Odorant plants | E13: 80 | F13: Per Appendix A - Pipeline asset lives
B14: 2.4 | C14: ='3. Statement of pipeline assets'!C45 -> SCADA (Communications) | D14: =CONCATENATE("31/8/2019"," to ",TEXT(Yearending,"d/m/yyyy")) -> 31/8/2019 to 30/6/2021 | E14: 15 | F14: Per Appendix A - Pipeline asset lives
B15: 2.4 | C15: ='3. Statement of pipeline assets'!C52 -> Buildings | D15: =CONCATENATE("31/8/2019"," to ",TEXT(Yearending,"d/m/yyyy")) -> 31/8/2019 to 30/6/2021 | E15: 80 | F15: Per Appendix A - Pipeline asset lives
B16: 2.4 | C16: ='3. Statement of pipeline assets'!C65 -> Other depreciable pipeline assets | D16: =CONCATENATE("24/10/2018"," to ",TEXT(Yearending,"d/m/yyyy")) -> 24/10/2018 to 30/6/2021 | E16: 5-80 | F16: Per Appendix A - Pipeline asset lives
B17: 2.4 | C17: Land and easements | E17: N/A | F17: Indefinite
C18: insert asset description
C19: insert asset description
C20: insert asset description
B21: 2.4.6 | C21: ='3. Statement of pipeline assets'!C72 -> Leased Assets | D21: =CONCATENATE("1/7/2019"," to ",TEXT(Yearending,"d/m/yyyy")) -> 1/7/2019 to 30/6/2021 | E21: Various | F21: Per leased asset life
C22: insert asset description
C23: insert asset description
C24: insert asset description
C25: insert asset description
C26: insert asset description
B27: 2.4 | C27: ='3. Statement of pipeline assets'!C82 -> Shared property, plant and equipment | D27: =CONCATENATE("1/12/2015"," to ",TEXT(Yearending,"d/m/yyyy")) -> 1/12/2015 to 30/6/2021 | E27: 5 | F27: Per Appendix A - Pipeline asset lives
C28: insert asset description
C29: insert asset description
C30: insert asset description
C31: insert asset description
C32: insert asset description
B33: 2.4.5 | C33: ='3. Statement of pipeline assets'!C89 -> Shared leased assets | D33: =CONCATENATE("1/7/2019"," to ",TEXT(Yearending,"d/m/yyyy")) -> 1/7/2019 to 30/6/2021 | E33: Various | F33: Per leased asset life
C34: insert asset description
C35: insert asset description
C36: insert asset description
C37: insert asset description
C38: insert asset description

Sheet 3.2 Asset impairment
B1: Asset impairment
B2: =Tradingname -> APA OPERATIONS PTY LIMITED
B3: Reporting Period | C3: =TEXT(Yearstart,"dd/mm/yyyy")&" to "&TEXT(Yearending,"dd/mm/yyyy") -> 01/07/2020 to 30/06/2021
B5: Table 3.2.1: Assets impaired
B7: Asset description | C7: Impairment amount $ nominal | D7: Impairment date | E7: Basis for impairment
B25: Table 3.2.2: Asset impairment reversals
B27: Asset description | C27: Prior Impairment amount $ nominal | D27: Impairment date | E27: Basis for impairment | F27: Reversal amount $nominal | G27: Reversal date | H27: Basis for Reversal

Sheet 3.3 Depreciation amortisation
B1: Depreciation and amortisation
B2: =Tradingname -> APA OPERATIONS PTY LIMITED
B3: Reporting Period | C3: =TEXT(Yearstart,"dd/mm/yyyy")&" to "&TEXT(Yearending,"dd/mm/yyyy") -> 01/07/2020 to 30/06/2021
B5: Table 3.3.1: Pipeline assets at cost | I5: Additions, capitalised maintenance and disposals must be reported on a cumulative basis
B7: Basis of Preparation reference | C7: Description | D7: Category | E7: Acquisition date | F7: Useful life | G7: Estimated residual value | H7: Initial construction or acquisition cost | I7: Additions | J7: Capitalised maintenance or improvements | K7: Disposals or Early termination | L7: Cost base | M7: Prior years' accumulated depreciation | N7: Current year depreciation | O7: Written down value
F8: Years | G8: $ nominal | H8: $ nominal | I8: $ nominal | J8: $ nominal | K8: $ nominal | L8: $ nominal | M8: $ nominal | N8: $ nominal | O8: $ nominal
B9: 2.4 | D9: Pipelines | E9: ='3.1 Asset useful life'!D9 -> 2/7/2007 to 30/6/2021 | F9: 80 | G9: 0 | H9: 14964796 | I9: 16484785 | J9: 214771.52 | K9: 0 | L9: =SUM(H9:K9) -> 31664352 | M9: -2461244.5 | N9: -294988.84 | O9: =SUM(L9:N9) -> 28908119
B10: 2.4 | D10: Compressors | E10: ='3.1 Asset useful life'!D10 -> 24/10/2018 to 30/6/2021 | F10: 35 | G10: 0 | H10: 0 | I10: 33610379 | J10: 0 | K10: 0 | L10: =SUM(H10:K10) -> 33610379 | M10: -1617359.8 | N10: -959639.25 | O10: =SUM(L10:N10) -> 31033380
B11: 2.4 | D11: City Gates, supply regulators and valve stations | E11: ='3.1 Asset useful life'!D11 -> 1/6/2017 to 30/6/2021 | F11: 50 | G11: 0 | H11: 0 | I11: 3099080.7 | J11: 0 | K11: 0 | L11: =SUM(H11:K11) -> 3099080.7 | M11: -41717.089 | N11: -61939.189 | O11: =SUM(L11:N11) -> 2995424.4
B12: 2.4 | D12: Metering | E12: ='3.1 Asset useful life'!D12 -> 1/2/2015 to 30/6/2021 | F12: 50 | G12: 0 | H12: 0 | I12: 1200317.1 | J12: 0 | K12: 0 | L12: =SUM(H12:K12) -> 1200317.1 | M12: -79046.734 | N12: -23989.91 | O12: =SUM(L12:N12) -> 1097280.4
B13: 2.4 | D13: Odorant plants | F13: 80 | G13: 0 | H13: 0 | I13: 0 | J13: 0 | K13: 0 | L13: =SUM(H13:K13) -> 0 | M13: 0 | N13: 0 | O13: =SUM(L13:N13) -> 0
B14: 2.4 | D14: SCADA (Communications) | E14: ='3.1 Asset useful life'!D14 -> 31/8/2019 to 30/6/2021 | F14: 15 | G14: 0 | H14: 0 | I14: 46432.05 | J14: 0 | K14: 0 | L14: =SUM(H14:K14) -> 46432.05 | M14: -1864.4144 | N14: -2955.3882 | O14: =SUM(L14:N14) -> 41612.247
B15: 2.4 | D15: Buildings | E15: ='3.1 Asset useful life'!D15 -> 31/8/2019 to 30/6/2021 | F15: 80 | G15: 0 | H15: 0 | I15: 442589.71 | J15: 0 | K15: 0 | L15: =SUM(H15:K15) -> 442589.71 | M15: -3665.5274 | N15: -5528.5847 | O15: =SUM(L15:N15) -> 433395.6
B16: 2.4 | D16: Other depreciable pipeline assets | E16: ='3.1 Asset useful life'!D16 -> 24/10/2018 to 30/6/2021 | F16: 5-80 | G16: 0 | H16: 0 | I16: 1022067.9 | J16: 0 | K16: 0 | L16: =SUM(H16:K16) -> 1022067.9 | M16: -25291.004 | N16: -29236.65 | O16: =SUM(L16:N16) -> 967540.27
B17: 2.4 | D17: Land and easements | F17: N/A | G17: 0 | H17: 0 | I17: 0 | J17: 0 | K17: 0 | L17: =SUM(H17:K17) -> 0 | M17: 0 | N17: 0 | O17: =SUM(L17:N17) -> 0
B18: 2.4.6 | D18: Leased assets | E18: ='3.1 Asset useful life'!D21 -> 1/7/2019 to 30/6/2021 | F18: Various | G18: 0 | H18: 30992.144 | I18: -1135.0856 | J18: 0 | K18: 0 | L18: =SUM(H18:K18) -> 29857.058 | M18: -14304.101 | N18: -13570.388 | O18: =SUM(L18:N18) -> 1982.5696
L19: =SUM(H19:K19) -> 0 | O19: =SUM(L19:N19) -> 0
L20: =SUM(H20:K20) -> 0 | O20: =SUM(L20:N20) -> 0
L21: =SUM(H21:K21) -> 0 | O21: =SUM(L21:N21) -> 0
L22: =SUM(H22:K22) -> 0 | O22: =SUM(L22:N22) -> 0
L23: =SUM(H23:K23) -> 0 | O23: =SUM(L23:N23) -> 0
L24: =SUM(H24:K24) -> 0 | O24: =SUM(L24:N24) -> 0
L25: =SUM(H25:K25) -> 0 | O25: =SUM(L25:N25) -> 0
L26: =SUM(H26:K26) -> 0 | O26: =SUM(L26:N26) -> 0
L27: =SUM(H27:K27) -> 0 | O27: =SUM(L27:N27) -> 0
L28: =SUM(H28:K28) -> 0 | O28: =SUM(L28:N28) -> 0
L29: =SUM(H29:K29) -> 0 | O29: =SUM(L29:N29) -> 0
L30: =SUM(H30:K30) -> 0 | O30: =SUM(L30:N30) -> 0
... L52: =SUM(H52:K52) -> 0 | O52: =SUM(L52:N52) -> 0
D53: Total pipeline assets | G53: =SUM(G9:G52) -> 0 | H53: =SUM(H9:H52) -> 14995788 | I53: =SUM(I9:I52) -> 55904516 | J53: =SUM(J9:J52) -> 214771.52 | K53: =SUM(K9:K52) -> 0 | L53: =SUM(L9:L52) -> 71115075 | M53: =SUM(M9:M52) -> -4244493.1 | N53: =SUM(N9:N52) -> -1391848.2 | O53: =SUM(O9:O52) -> 65478734
B56: Table 3.3.2: Shared assets at cost
B58: Basis of Preparation reference | C58: Description | D58: Category | E58: Acquisition date | F58: Useful life | G58: Initial construction or acquisition cost | H58: Additions | I58: Capitalised maintenance or improvements | J58: Disposals or Early termination | K58: Cost base | L58: Prior years' accumulated depreciation | M58: Current year depreciation | N58: Written down value
F59: Years | G59: $ nominal | H59: $ nominal | I59: $ nominal | J59: $ nominal | K59: $ nominal | L59: $ nominal | M59: $ nominal | N59: $ nominal
B60: 2.4.5 | C60: Information Technology | D60: Shared property, plant and equipment | E60: During FY08 | F60: ='3.1 Asset useful life'!$E$27 -> 5 | G60: 32272.299 | H60: 0 | I60: 0 | J60: -997.40481 | K60: =SUM(G60:J60) -> 31274.894 | L60: -31274.894 | M60: =IF(SUM(K60:L60)>0,-K60/F60,0) -> 0 | N60: =SUM(K60:M60) -> 0
B61: 2.4.5 | C61: Information Technology | D61: Shared property, plant and equipment | E61: During FY09 | F61: ='3.1 Asset useful life'!$E$27 -> 5 | G61: 1920.6654 | H61: 0 | I61: 0 | J61: -391.21744 | K61: =SUM(G61:J61) -> 1529.4479 | L61: -1529.4479 | M61: =IF(SUM(K61:L61)>0,-K61/F61,0) -> 0 | N61: =SUM(K61:M61) -> 0
B62: 2.4.5 | C62: Information Technology | D62: Shared property, plant and equipment | E62: During FY10 | F62: ='3.1 Asset useful life'!$E$27 -> 5 | G62: 1287.8075 | H62: 0 | I62: 0 | J62: -147.37794 | K62: =SUM(G62:J62) -> 1140.4296 | L62: -1140.4296 | M62: =IF(SUM(K62:L62)>0,-K62/F62,0) -> 0 | N62: =SUM(K62:M62) -> 0
B63: 2.4.5 | C63: Information Technology | D63: Shared property, plant and equipment | E63: During FY11 | F63: ='3.1 Asset useful life'!$E$27 -> 5 | G63: 53331.816 | H63: 0 | I63: 0 | J63: -565.56894 | K63: =SUM(G63:J63) -> 52766.247 | L63: -52766.247 | M63: =IF(SUM(K63:L63)>0,-K63/F63,0) -> 0 | N63: =SUM(K63:M63) -> 0
B64: 2.4.5 | C64: Information Technology | D64: Shared property, plant and equipment | E64: During FY12 | F64: ='3.1 Asset useful life'!$E$27 -> 5 | G64: 25041.295 | H64: 0 | I64: 0 | J64: -5796.7105 | K64: =SUM(G64:J64) -> 19244.584 | L64: -19244.584 | M64: =IF(SUM(K64:L64)>0,-K64/F64,0) -> 0 | N64: =SUM(K64:M64) -> 0
B65: 2.4.5 | C65: Information Technology | D65: Shared property, plant and equipment | E65: During FY13 | F65: ='3.1 Asset useful life'!$E$27 -> 5 | G65: 16720.823 | H65: 0 | I65: 0 | J65: -1702.7522 | K65: =SUM(G65:J65) -> 15018.07 | L65: -15018.07 | M65: =IF(SUM(K65:L65)>0,-K65/F65,0) -> 0 | N65: =SUM(K65:M65) -> 0
B66: 2.4.5 | C66: Information Technology | D66: Shared property, plant and equipment | E66: During FY14 | F66: ='3.1 Asset useful life'!$E$27 -> 5 | G66: 15094.126 | H66: 0 | I66: 0 | J66: -4290.7813 | K66: =SUM(G66:J66) -> 10803.345 | L66: -10803.345 | M66: =IF(SUM(K66:L66)>0,-K66/F66,0) -> 0 | N66: =SUM(K66:M66) -> 0
B67: 2.4.5 | C67: Information Technology | D67: Shared property, plant and equipment | E67: During FY15 | F67: ='3.1 Asset useful life'!$E$27 -> 5 | G67: 64599.611 | H67: 0 | I67: 0 | J67: -5472.098 | K67: =SUM(G67:J67) -> 59127.513 | L67: -59127.513 | M67: =IF(SUM(K67:L67)>0,-K67/F67,0) -> 0 | N67: =SUM(K67:M67) -> 0
B68: 2.4.5 | C68: Information Technology | D68: Shared property, plant and equipment | E68: During FY16 | F68: ='3.1 Asset useful life'!$E$27 -> 5 | G68: 107030.39 | H68: 0 | I68: 0 | J68: -6615.4952 | K68: =SUM(G68:J68) -> 100414.89 | L68: -80331.913 | M68: =IF(SUM(K68:L68)>0,-K68/F68,0) -> -20082.978 | N68: =SUM(K68:M68) -> 0
B69: 2.4.5 | C69: Information Technology | D69: Shared property, plant and equipment | E69: During FY17 | F69: ='3.1 Asset useful life'!$E$27 -> 5 | G69: 70799.141 | H69: 0 | I69: 0 | J69: -8039.6273 | K69: =SUM(G69:J69) -> 62759.513 | L69: -37655.708 | M69: =IF(SUM(K69:L69)>0,-K69/F69,0) -> -12551.903 | N69: =SUM(K69:M69) -> 12551.903
B70: 2.4.5 | C70: Information Technology | D70: Shared property, plant and equipment | E70: During FY18 | F70: ='3.1 Asset useful life'!$E$27 -> 5 | G70: 104983.77 | H70: 0 | I70: 0 | J70: -8887.7649 | K70: =SUM(G70:J70) -> 96096.006 | L70: -38438.402 | M70: =IF(SUM(K70:L70)>0,-K70/F70,0) -> -19219.201 | N70: =SUM(K70:M70) -> 38438.402
B71: 2.4.5 | C71: Information Technology | D71: Shared property, plant and equipment | E71: During FY19 | F71: ='3.1 Asset useful life'!$E$27 -> 5 | G71: 228338.7 | H71: 0 | I71: 0 | J71: -4262.9718 | K71: =SUM(G71:J71) -> 224075.73 | L71: -44815.146 | M71: =IF(SUM(K71:L71)>0,-K71/F71,0) -> -44815.146 | N71: =SUM(K71:M71) -> 134445.44
B72: 2.4.5 | C72: Information Technology | D72: Shared property, plant and equipment | E72: During FY20 | F72: ='3.1 Asset useful life'!$E$27 -> 5 | G72: 293628.01 | H72: 0 | I72: 0 | J72: -6373.4181 | K72: =SUM(G72:J72) -> 287254.59 | L72: 0 | M72: =IF(SUM(K72:L72)>0,-K72/F72,0) -> -57450.918 | N72: =SUM(K72:M72) -> 229803.67
B73: 2.4.5 | C73: Information Technology | D73: Shared property, plant and equipment | E73: During FY21 | F73: ='3.1 Asset useful life'!$E$27 -> 5 | G73: 189594.07 | H73: 0 | I73: 0 | J73: -11871.677 | K73: =SUM(G73:J73) -> 177722.4 | N73: =SUM(K73:M73) -> 177722.4
B74: 2.4.5 | C74: Shared leased assets | D74: Shared leased assets | E74: 1/7/2019 to 30/6/2020 | F74: ='3.1 Asset useful life'!E33 -> Various | G74: 172034.62 | H74: 66031.526 | I74: 0 | J74: -189.10444 | K74: =SUM(G74:J74) -> 237877.04 | L74: -54371.894 | M74: 0 | N74: =SUM(K74:M74) -> 183505.15
B75: 2.4.5 | C75: Shared leased assets | D75: Shared leased assets | E75: During FY21 | F75: ='3.1 Asset useful life'!E33 -> Various | G75: 0 | H75: 59895.77 | I75: 0 | J75: -8751.6456 | K75: =SUM(G75:J75) -> 51144.125 | L75: 0 | M75: -63985.984 | N75: =SUM(K75:M75) -> -12841.859
K76: =SUM(G76:J76) -> 0 | N76: =SUM(K76:M76) -> 0
K77: =SUM(G77:J77) -> 0 | N77: =SUM(K77:M77) -> 0
D78: Total fixed assets | G78: =SUM(G60:G77) -> 1376677.1 | H78: =SUM(H60:H77) -> 125927.3 | I78: =SUM(I60:I77) -> 0 | J78: =SUM(J60:J77) -> -74355.616 | K78: =SUM(K60:K77) -> 1428248.8 | L78: =SUM(L60:L77) -> -446517.59 | M78: =SUM(M60:M77) -> -218106.13 | N78: =SUM(N60:N77) -> 763625.1

Sheet 3.4 Shared supporting assets
B1: Shared supporting assets
B2: =Tradingname -> APA OPERATIONS PTY LIMITED | E2: Please ensure allocation methodologies are explained in sufficient detail in the Basis of Preparation as required under section 3.2.4 of the Guideline
B3: Reporting Period | C3: =TEXT(Yearstart,"dd/mm/yyyy")&" to "&TEXT(Yearending,"dd/mm/yyyy") -> 01/07/2020 to 30/06/2021
B5: Table 3.4.1: Shared supporting asset allocation
B7: Basis of Preparation reference | C7: Description (list each individual shared asset category greater than 5%) | D7: Category of shared assets | E7: Total amount | F7: % allocated to pipeline | G7: Total allocated to pipeline
E8: $ nominal | G8: $ nominal
B9: 2.4.5 | C9: Information Technology | D9: Shared property, plant and equipment | E9: 2.4171762e+08 | F9: 0.0047130517 | G9: =E9*F9 -> 1139227.7
B10: 2.4.5 | C10: Shared leased assets | D10: Shared leased assets | E10: 35022653 | F10: 0.0082524064 | G10: =E10*F10 -> 289021.16
G11: =E11*F11 -> 0
G12: =E12*F12 -> 0
G13: =E13*F13 -> 0
G14: =E14*F14 -> 0
G15: =E15*F15 -> 0
G16: =E16*F16 -> 0
G17: =E17*F17 -> 0
G18: =E18*F18 -> 0
G19: =E19*F19 -> 0
G20: =E20*F20 -> 0
G21: =E21*F21 -> 0
G22: =E22*F22 -> 0
... G35: =E35*F35 -> 0
C36: Total | E36: =SUM(E9:E35) -> 2.7674028e+08 | G36: =SUM(G9:G35) -> 1428248.8

Sheet Auditor's Report Statements

Sheet 4. Recovered capital
B1: Recovered capital method (rule 569(4))
B2: =Tradingname -> APA OPERATIONS PTY LIMITED
B3: Reporting Period | C3: =TEXT(Yearstart,"dd/mm/yyyy")&" to "&TEXT(Yearending,"dd/mm/yyyy") -> 01/07/2020 to 30/06/2021
B5: Table 4.1: Recovered capital method - pipeline assets
B7: Basis of Preparation reference | C7: Asset description | E7: Total | F7: Year | BI7: Drag and drop columns if required
F8: =RIGHT(TEXT(C38,"dd/mm/yyyy"),4) -> 1998 | G8: =F8+1 -> 1999 | H8: =G8+1 -> 2000 | I8: =H8+1 -> 2001 | J8: =I8+1 -> 2002 | K8: =J8+1 -> 2003 | L8: =K8+1 -> 2004 | M8: =L8+1 -> 2005 | N8: =M8+1 -> 2006 | ... BH8: =BG8+1 -> 2052
B9: 3 | C9: Pipeline assets
D10: Construction cost | E10: =SUM(F10:BH10) -> 16860432 | F10: 16860432 | G10: 0 | H10: 0 | I10: 0 | J10: 0 | K10: 0 | L10: 0 | M10: 0 | N10: 0 | O10: 0 | P10: 0 | Q10: 0 | R10: 0 | S10: 0 | T10: 0 | U10: 0 | V10: 0 | W10: 0 | X10: 0 | Y10: 0 | Z10: 0 | AA10: 0 | AB10: 0 | AC10: 0
D11: Negative residual value | E11: =SUM(F11:BH11) -> 1288518.2 | F11: 731028.03 | G11: 7592.2792 | H11: 22776.838 | I11: 46638.287 | J11: 22776.838 | K11: 21692.226 | L11: 21692.226 | M11: 21692.226 | N11: 35792.173 | O11: 19523.004 | P11: 42299.841 | Q11: 14099.947 | R11: 31453.728 | S11: 36876.785 | T11: 13015.336 | U11: 26030.672 | V11: 33622.951 | W11: 17353.781 | X11: 11930.724 | Y11: 22776.838 | Z11: 24946.06 | AA11: 19523.004 | AB11: -4338.4453 | AC11: 47722.898
D12: Additions | E12: =SUM(F12:BH12) -> 58254285 | F12: 0 | G12: 202628.52 | H12: 139782.79 | I12: 0 | J12: 0 | K12: 0 | L12: 0 | M12: 0 | N12: 0 | O12: 0 | P12: 0 | Q12: 0 | R12: 0 | S12: 0 | T12: 55626.676 | U12: 0 | V12: 0 | W12: 54977.179 | X12: 288270.9 | Y12: 790729.69 | Z12: 33249.256 | AA12: 34230379 | AB12: 5427917.9 | AC12: 17030724
D13: Maintenance capitalised | E13: =SUM(F13:BH13) -> 224353.88 | F13: 0 | G13: 0 | H13: 0 | I13: 0 | J13: 0 | K13: 0 | L13: 0 | M13: 0 | N13: 0 | O13: 0 | P13: 0 | Q13: 0 | R13: 0 | S13: 0 | T13: 163780.28 | U13: 0 | V13: 60573.602 | W13: 0 | X13: 0 | Y13: 0 | Z13: 0 | AA13: 0 | AB13: 0 | AC13: 0
D14: Disposal (at cost) | E14: =SUM(F14:BH14) -> 0 | F14: 0 | G14: 0 | H14: 0 | I14: 0 | J14: 0 | K14: 0 | L14: 0 | M14: 0 | N14: 0 | O14: 0 | P14: 0 | Q14: 0 | R14: 0 | S14: 0 | T14: 0 | U14: 0 | V14: 0 | W14: 0 | X14: 0 | Y14: 0 | Z14: 0 | AA14: 0 | AB14: 0 | AC14: 0
D15: Leased Asset | E15: =SUM(F15:BH15) -> 30885.797 | F15: 0 | G15: 0 | H15: 0 | I15: 0 | J15: 0 | K15: 0 | L15: 0 | M15: 0 | N15: 0 | O15: 0 | P15: 0 | Q15: 0 | R15: 0 | S15: 0 | T15: 0 | U15: 0 | V15: 0 | W15: 0 | X15: 0 | Y15: 0 | Z15: 0 | AA15: 0 | AB15: 32059.163 | AC15: -1173.3658
D16: Cost base | E16: =SUM(F16:BH16) -> 76658475 | F16: =SUM(F9:F15) -> 17591460 | G16: =SUM(G9:G15) -> 210220.8 | H16: =SUM(H9:H15) -> 162559.63 | I16: =SUM(I9:I15) -> 46638.287 | J16: =SUM(J9:J15) -> 22776.838 | K16: =SUM(K9:K15) -> 21692.226 | L16: =SUM(L9:L15) -> 21692.226 | M16: =SUM(M9:M15) -> 21692.226 | ... BH16: =SUM(BH9:BH15) -> 0
B17: 3.2.3 | C17: Shared assets
D18: Construction cost or acquisition cost (where allowed) apportioned | E18: =SUM(F18:BH18) -> 0 | F18: 0 | G18: 0 | H18: 0 | I18: 0 | J18: 0 | K18: 0 | L18: 0 | M18: 0 | N18: 0 | O18: 0 | P18: 0 | Q18: 0 | R18: 0 | S18: 0 | T18: 0 | U18: 0 | V18: 0 | W18: 0 | X18: 0 | Y18: 0 | Z18: 0 | AA18: 0 | AB18: 0 | AC18: 0
D19: Additions | E19: =SUM(F19:BH19) -> 1201720.6 | F19: 0 | G19: 0 | H19: 0 | I19: 0 | J19: 0 | K19: 0 | L19: 0 | M19: 0 | N19: 0 | O19: 0 | P19: 32679.125 | Q19: 1604.6751 | R19: 1196.7725 | S19: 55201.065 | T19: 20111.837 | U19: 15718.496 | V19: 11272.281 | W19: 61679.57 | X19: 104701.15 | Y19: 65388.395 | Z19: 100082.31 | AA19: 232359.69 | AB19: 303737.24 | AC19: 195988.04
D20: Maintenance capitalised | E20: =SUM(F20:BH20) -> 0 | F20: 0 | G20: 0 | H20: 0 | I20: 0 | J20: 0 | K20: 0 | L20: 0 | M20: 0 | N20: 0 | O20: 0 | P20: 0 | Q20: 0 | R20: 0 | S20: 0 | T20: 0 | U20: 0 | V20: 0 | W20: 0 | X20: 0 | Y20: 0 | Z20: 0 | AA20: 0 | AB20: 0 | AC20: 0
D21: Disposal (at cost) | E21: =SUM(F21:BH21) -> -28107.295 | F21: 0 | G21: 0 | H21: 0 | I21: 0 | J21: 0 | K21: 0 | L21: 0 | M21: 0 | N21: 0 | O21: 0 | P21: 0 | Q21: 0 | R21: 0 | S21: 0 | T21: 0 | U21: 0 | V21: 0 | W21: 0 | X21: 0 | Y21: 0 | Z21: 0 | AA21: 0 | AB21: -6788.4617 | AC21: -21318.834
D22: Leased Asset | E22: =SUM(F22:BH22) -> 308178.18 | F22: 0 | G22: 0 | H22: 0 | I22: 0 | J22: 0 | K22: 0 | L22: 0 | M22: 0 | N22: 0 | O22: 0 | P22: 0 | Q22: 0 | R22: 0 | S22: 0 | T22: 0 | U22: 0 | V22: 0 | W22: 0 | X22: 0 | Y22: 0 | Z22: 0 | AA22: 0 | AB22: 246262.45 | AC22: 61915.725
D23: Cost base | E23: =SUM(F23:BH23) -> 1481791.5 | F23: =SUM(F18:F22) -> 0 | G23: =SUM(G18:G22) -> 0 | H23: =SUM(H18:H22) -> 0 | I23: =SUM(I18:I22) -> 0 | J23: =SUM(J18:J22) -> 0 | K23: =SUM(K18:K22) -> 0 | L23: =SUM(L18:L22) -> 0 | M23: =SUM(M18:M22) -> 0 | ... BH23: =SUM(BH18:BH22) -> 0
D24: Total assets | E24: =E16+E23 -> 78140267 | F24: =F16+F23 -> 17591460 | G24: =G16+G23 -> 210220.8 | H24: =H16+H23 -> 162559.63 | I24: =I16+I23 -> 46638.287 | J24: =J16+J23 -> 22776.838 | K24: =K16+K23 -> 21692.226 | L24: =L16+L23 -> 21692.226 | ... BH24: =BH16+BH23 -> 0
C25: Return of capital
B26: 3.2.2 | D26: Revenue | E26: =SUM(F26:BH26) -> 81540611 | F26: 895801.66 | G26: 1892143 | H26: 1740030.9 | I26: 1767982.8 | J26: 1667828.8 | K26: 1664940 | L26: 1628050.8 | M26: 1581649.1 | N26: 1595299.1 | O26: 1604096.2 | P26: 2056078.9 | Q26: 2399161.2 | R26: 2617691.5 | S26: 2587945.6 | T26: 2762030.7 | U26: 2816635.4 | V26: 2914283.6 | W26: 2865595.6 | X26: 3464308.4 | Y26: 5134243.8 | Z26: 4731990.5 | AA26: 7560717.4 | AB26: 11597529 | AC26: 11994578
B27: 3.2.2 | D27: Operating expenses | E27: =SUM(F27:BH27) -> -17130950 | F27: 0 | G27: 0 | H27: 0 | I27: 0 | J27: 0 | K27: 0 | L27: 0 | M27: 0 | N27: 0 | O27: 0 | P27: -493457.82 | Q27: -262058.52 | R27: -262483.78 | S27: -467652.27 | T27: -574285.26 | U27: -520580.79 | V27: -645055.89 | W27: -624805.66 | X27: -657634.22 | Y27: -911793.35 | Z27: -1022205.5 | AA27: -2600836.9 | AB27: -4205583.4 | AC27: -3882516.3
B28: 3.2.5 | D28: Net tax liabilities | E28: =SUM(F28:BH28) -> -6044127.3 | F28: -164165.46 | G28: 0 | H28: 0 | I28: 0 | J28: 0 | K28: 0 | L28: 0 | M28: 0 | N28: 0 | O28: 0 | P28: 0 | Q28: 0 | R28: 0 | S28: 0 | T28: -69469.265 | U28: -162801 | V28: -163589.23 | W28: -163828.84 | X28: -338472.37 | Y28: -767133.15 | Z28: -891640.59 | AA28: -1041080.3 | AB28: -1110725.9 | AC28: -1171221.2
D29: Leased Asset Interest/Financing Charge | E29: =SUM(F29:BH29) -> -16894.896 | F29: 0 | G29: 0 | H29: 0 | I29: 0 | J29: 0 | K29: 0 | L29: 0 | M29: 0 | N29: 0 | O29: 0 | P29: 0 | Q29: 0 | R29: 0 | S29: 0 | T29: 0 | U29: 0 | V29: 0 | W29: 0 | X29: 0 | Y29: 0 | Z29: 0 | AA29: 0 | AB29: -9070.3366 | AC29: -7824.5592
B30: 3.2.4 | D30: Return on capital | E30: =SUM(F30:BH30) -> -40595546 | F30: 0 | G30: -1944604.3 | H30: -1818751.3 | I30: -1868666.5 | J30: -1779423 | K30: -1791183.9 | L30: -1769969.8 | M30: -1739642.5 | N30: -1782997.2 | O30: -1823666.4 | P30: -1688092.5 | Q30: -1880133.9 | R30: -1860984 | S30: -1681878.9 | T30: -1609088.5 | U30: -1648419.8 | V30: -1487485.1 | W30: -1435946.1 | X30: -1376320.3 | Y30: -1292984.8 | Z30: -1175225.7 | AA30: -933684.59 | AB30: -3038686.9 | AC30: -3167709.9
D31: Total Return of Capital | E31: =SUM(F31:BH31) -> 17753094 | F31: =SUM(F26:F30) -> 731636.2 | G31: =SUM(G26:G30) -> -52461.277 | H31: =SUM(H26:H30) -> -78720.349 | I31: =SUM(I26:I30) -> -100683.76 | J31: =SUM(J26:J30) -> -111594.16 | K31: =SUM(K26:K30) -> -126243.9 | L31: =SUM(L26:L30) -> -141919.02 | M31: =SUM(M26:M30) -> -157993.38 | ... BH31: =SUM(BH26:BH30) -> 0
D32: Recovered capital method total asset value | E32: =SUM(F32:BH32) -> 60387173 | F32: =F16+F23-F31 -> 16859824 | G32: =G16+G23-G31 -> 262682.08 | H32: =H16+H23-H31 -> 241279.98 | I32: =I16+I23-I31 -> 147322.05 | J32: =J16+J23-J31 -> 134371 | K32: =K16+K23-K31 -> 147936.13 | L32: =L16+L23-L31 -> 163611.25 | M32: =M16+M23-M31 -> 179685.6 | ... BH32: =BH16+BH23-BH31 -> 0
C33: For information | D33: Opening asset value | G33: =F24+F33-F31 -> 16859824 | H33: =G24+G33-G31 -> 17122506 | I33: =H24+H33-H31 -> 17363786 | J33: =I24+I33-I31 -> 17511108 | K33: =J24+J33-J31 -> 17645479 | L33: =K24+K33-K31 -> 17793415 | M33: =L24+L33-L31 -> 17957026 | N33: =M24+M33-M31 -> 18136712 | ... BH33: =BG24+BG33-BG31 -> 60387173
C34: For information | D34: Rate of return (WACC) | F34: N/A | G34: 0.11533954 | H34: 0.10621992 | I34: 0.10761861 | J34: 0.10161681 | K34: 0.10150951 | L34: 0.099473307 | M34: 0.096878093 | N34: 0.098308736 | O34: 0.09932714 | P34: 0.090761102 | Q34: 0.10000848 | R34: 0.10027674 | S34: 0.092937361 | T34: 0.090649955 | U34: 0.094228167 | V34: 0.087238262 | W34: 0.086826291 | X34: 0.0858529 | Y34: 0.084265567 | Z34: 0.083582134 | AA34: 0.074242853 | AB34: 0.068946314 | AC34: 0.067630299
B36: Table 4.2: Pipeline details
B38: Construction date | C38: 35796
B39: Negative residual value | C39: =E11 -> 1288518.2

Sheet 4.1 Pipelines capex
B1: Capital expenditure
B2: =Tradingname -> APA OPERATIONS PTY LIMITED
B3: Reporting Period | C3: =TEXT(Yearstart,"dd/mm/yyyy")&" to "&TEXT(Yearending,"dd/mm/yyyy") -> 01/07/2020 to 30/06/2021
B5: Table 4.1.1: Capital expenditure greater than 5% of construction cost
B7: Basis of Preparation reference | C7: Description of works | D7: Date recognised | E7: Expenditure ($ nominal)
B8: 3.2.1 | C8: Compressor station and other Stay in Business items | D8: FY19 | E8: 33010016
B9: 3.2.1 | C9: Murrin Offtake Station Upgrade and other Stay in Business items | D9: FY20 | E9: 5247261.5
B10: 3.2.1 | C10: Murrin pipeline and other Stay in Business items | D10: FY21 | E10: 16475109

Sheet Auditor's Review Report RCM

Sheet 5. Weighted average price
B1: Weighted average prices
B2: =Tradingname -> APA OPERATIONS PTY LIMITED
B3: Reporting Period | C3: =TEXT(Yearstart,"dd/mm/yyyy")&" to "&TEXT(Yearending,"dd/mm/yyyy") -> 01/07/2020 to 30/06/2021
B5: Table 5.1: Weighted average prices
B7: Basis of preparation reference | C7: Service description | E7: Has there been any use of estimates to allocate revenue to each transportation service? | F7: Other Services | L7: Postage Stamp Transportation Services | S7: Zonal Based Transportation Services | AL7: Distance Based Transportation Services (to major delivery points)
T8: Zone 1 | Z8: Zone 2 | AF8: Zone 3 | AM8: Major Delivery Point 1 | AS8: Major Delivery Point 2 | AY8: Major Delivery Point 3 | BE8: Other Delivery Points
D9: Total revenue | F9: Capacity based charges | I9: Volumetric based charges | L9: Total Postage Stamp Revenue | M9: Capacity based | P9: Volumetric based | S9: Total Zonal Revenue | T9: Capacity based | W9: Volumetric based | Z9: Capacity based | AC9: Volumetric based | AF9: Capacity based | AI9: Volumetric based | AL9: Total Distance Based Revenue | AM9: Capacity based | AP9: Volumetric based | AS9: Capacity based | AV9: Volumetric based | AY9: Capacity based | BB9: Volumetric based | BE9: Capacity based | BH9: Volumetric based
D10: $'000 | F10: Revenue $'000 | G10: MDQ Total TJ* | H10: WAP $/GJ | I10: Revenue $'000 | J10: Total TJ | K10: WAP $/GJ | L10: $ '000 | M10: Revenue $'000 | N10: MDQ Total TJ* | O10: WAP $/GJ | P10: Revenue $'000 | Q10: Total TJ | R10: WAP $/GJ | S10: $'000 | T10: Revenue $'000 | U10: MDQ Total TJ* | V10: WAP $/GJ | W10: Revenue $'000 | X10: Total TJ | Y10: WAP $/GJ | Z10: Revenue $'000 | AA10: MDQ Total TJ* | AB10: WAP $/GJ | AC10: Revenue $'000 | AD10: Total TJ | AE10: WAP $/GJ | AF10: Revenue $'000 | AG10: MDQ Total TJ* | AH10: WAP $/GJ | AI10: Revenue $'000 | AJ10: Total TJ | AK10: WAP $/GJ | AL10: $'000 | AM10: Revenue $'000 | AN10: MDQ Total TJ* | AO10: WAP $/GJ | AP10: Revenue $'000 | AQ10: Total TJ | AR10: WAP $/GJ | AS10: Revenue $'000 | AT10: MDQ Total TJ* | AU10: WAP $/GJ | AV10: Revenue $'000 | AW10: Total TJ | AX10: WAP $/GJ | AY10: Revenue $'000 | AZ10: MDQ Total TJ* | BA10: WAP $/GJ | BB10: Revenue $'000 | BC10: Total TJ | BD10: WAP $/GJ | BE10: Revenue $'000 | BF10: MDQ Total TJ* | BG10: WAP $/GJ | BH10: Revenue $'000 | BI10: Total TJ | BJ10: WAP $/GJ
C11: Transportation services
B12: 4.4.1 | C12: Firm forward haul transportation services | D12: =L12+S12+AL12 -> 11590.119 | L12: =M12+P12 -> 11590.119 | M12: 11224.928 | N12: 20044.288 | O12: =IFERROR(M12/N12,0) -> 0.56000636 | P12: 365.19024 | Q12: 10289.137 | R12: =IFERROR(P12/Q12,0) -> 0.035492794 | S12: =T12+W12+Z12+AC12+AF12+AI12 -> 0 | V12: =IFERROR(T12/U12,0) -> 0 | Y12: =IFERROR(W12/X12,0) -> 0 | AB12: =IFERROR(Z12/AA12,0) -> 0 | AE12: =IFERROR(AC12/AD12,0) -> 0 | AH12: =IFERROR(AF12/AG12,0) -> 0 | AK12: =IFERROR(AI12/AJ12,0) -> 0 | AL12: =AM12+AP12+AS12+AV12+AY12+BB12+BE12+BH12 -> 0 | AO12: =IFERROR(AM12/AN12,0) -> 0 | AR12: =IFERROR(AP12/AQ12,0) -> 0 | AU12: =IFERROR(AS12/AT12,0) -> 0 | AX12: =IFERROR(AV12/AW12,0) -> 0 | BA12: =IFERROR(AY12/AZ12,0) -> 0 | BD12: =IFERROR(BB12/BC12,0) -> 0 | BG12: =IFERROR(BE12/BF12,0) -> 0 | BJ12: =IFERROR(BH12/BI12,0) -> 0
B13: 4.4.1 | C13: Interruptible or as available transportation services | D13: =L13+S13+AL13 -> 226.08996 | L13: =M13+P13 -> 226.08996 | M13: 119.64032 | N13: 730 | O13: =IFERROR(M13/N13,0) -> 0.16389085 | P13: 106.44964 | Q13: 539.033 | R13: =IFERROR(P13/Q13,0) -> 0.19748259 | S13: =T13+W13+Z13+AC13+AF13+AI13 -> 0 | V13: =IFERROR(T13/U13,0) -> 0 | Y13: =IFERROR(W13/X13,0) -> 0 | AB13: =IFERROR(Z13/AA13,0) -> 0 | AE13: =IFERROR(AC13/AD13,0) -> 0 | AH13: =IFERROR(AF13/AG13,0) -> 0 | AK13: =IFERROR(AI13/AJ13,0) -> 0 | AL13: =AM13+AP13+AS13+AV13+AY13+BB13+BE13+BH13 -> 0 | AO13: =IFERROR(AM13/AN13,0) -> 0 | AR13: =IFERROR(AP13/AQ13,0) -> 0 | AU13: =IFERROR(AS13/AT13,0) -> 0 | AX13: =IFERROR(AV13/AW13,0) -> 0 | BA13: =IFERROR(AY13/AZ13,0) -> 0 | BD13: =IFERROR(BB13/BC13,0) -> 0 | BG13: =IFERROR(BE13/BF13,0) -> 0 | BJ13: =IFERROR(BH13/BI13,0) -> 0
B14: 4.4.1 | C14: Backhaul services | D14: =L14+S14+AL14 -> 0 | L14: =M14+P14 -> 0 | O14: =IFERROR(M14/N14,0) -> 0 | R14: =IFERROR(P14/Q14,0) -> 0 | S14: =T14+W14+Z14+AC14+AF14+AI14 -> 0 | V14: =IFERROR(T14/U14,0) -> 0 | Y14: =IFERROR(W14/X14,0) -> 0 | AB14: =IFERROR(Z14/AA14,0) -> 0 | AE14: =IFERROR(AC14/AD14,0) -> 0 | AH14: =IFERROR(AF14/AG14,0) -> 0 | AK14: =IFERROR(AI14/AJ14,0) -> 0 | AL14: =AM14+AP14+AS14+AV14+AY14+BB14+BE14+BH14 -> 0 | AO14: =IFERROR(AM14/AN14,0) -> 0 | AR14: =IFERROR(AP14/AQ14,0) -> 0 | AU14: =IFERROR(AS14/AT14,0) -> 0 | AX14: =IFERROR(AV14/AW14,0) -> 0 | BA14: =IFERROR(AY14/AZ14,0) -> 0 | BD14: =IFERROR(BB14/BC14,0) -> 0 | BG14: =IFERROR(BE14/BF14,0) -> 0 | BJ14: =IFERROR(BH14/BI14,0) -> 0
C15: Stand alone compression services
B16: 4.4.2 | C16: Firm stand alone compression services | D16: =F16+I16 -> 0 | H16: =IFERROR(F16/G16,0) -> 0 | I16: 0 | J16: 0 | K16: =IFERROR(I16/J16,0) -> 0
C17: Storage services
B18: 4.4.3 | C18: Firm park/park and loan services | D18: =F18+I18 -> 0 | H18: =IFERROR(F18/G18,0) -> 0 | I18: 0 | J18: 0 | K18: =IFERROR(I18/J18,0) -> 0
B19: 4.7 | C19: Total exempt services | D19: =F19+I19 -> 0
C20: Total | D20: =SUM(D12:D19) -> 11816.209 | F20: =SUM(F12:F19) -> 0 | G20: =SUM(G12:G19) -> 0 | I20: =SUM(I12:I19) -> 0 | J20: =SUM(J12:J19) -> 0 | L20: =SUM(L12:L19) -> 11816.209 | M20: =SUM(M12:M19) -> 11344.569 | N20: =SUM(N12:N19) -> 20774.288 | P20: =SUM(P12:P19) -> 471.63988 | Q20: =SUM(Q12:Q19) -> 10828.17 | S20: =SUM(S12:S19) -> 0 | T20: =SUM(T12:T19) -> 0 | U20: =SUM(U12:U19) -> 0 | W20: =SUM(W12:W19) -> 0 | X20: =SUM(X12:X19) -> 0 | Z20: =SUM(Z12:Z19) -> 0 | AA20: =SUM(AA12:AA19) -> 0 | AC20: =SUM(AC12:AC19) -> 0 | AD20: =SUM(AD12:AD19) -> 0 | AF20: =SUM(AF12:AF19) -> 0 | AG20: =SUM(AG12:AG19) -> 0 | AI20: =SUM(AI12:AI19) -> 0 | AJ20: =SUM(AJ12:AJ19) -> 0 | AL20: =SUM(AL12:AL19) -> 0 | AM20: =SUM(AM12:AM19) -> 0 | AN20: =SUM(AN12:AN19) -> 0 | AP20: =SUM(AP12:AP19) -> 0 | AQ20: =SUM(AQ12:AQ19) -> 0 | AS20: =SUM(AS12:AS19) -> 0 | AT20: =SUM(AT12:AT19) -> 0 | AV20: =SUM(AV12:AV19) -> 0 | AW20: =SUM(AW12:AW19) -> 0 | AY20: =SUM(AY12:AY19) -> 0 | AZ20: =SUM(AZ12:AZ19) -> 0 | BB20: =SUM(BB12:BB19) -> 0 | BC20: =SUM(BC12:BC19) -> 0 | BE20: =SUM(BE12:BE19) -> 0 | BF20: =SUM(BF12:BF19) -> 0 | BH20: =SUM(BH12:BH19) -> 0 | BI20: =SUM(BI12:BI19) -> 0
B22: * MDQ (Total TJ) = sum of MDQ’s over the reporting period in TJs

Sheet 5.1 Exempt WAP services
B1: Services exemption granted from ERA for Weighted Average Price disclosure
B2: =Tradingname -> APA OPERATIONS PTY LIMITED
B3: Reporting Period | C3: =TEXT(Yearstart,"dd/mm/yyyy")&" to "&TEXT(Yearending,"dd/mm/yyyy") -> 01/07/2020 to 30/06/2021
B5: Table 5.1.1: ERA exemptions
B7: Service category

Sheet Auditor's Review Report WAP

Sheet 6. Notes
B1: Additional (optional) notes and information
B2: =Tradingname -> APA OPERATIONS PTY LIMITED
B3: Year ending | C3: =Yearending -> 44377
B5: Table reference
B7: General | C7: For FY 21 the ERA template was updated for AASB 16 disclosures (6 July 2021), APA has therefore used the current templates from the ERA website and the impact of AASB 16 has been included in dedicated new line items in the Statement of Revenue and expenses, Statement of Pipeline Assets and the RCM. As a result previously summarised amounts are now separately presented.
B9: Cover | C9: The financial reporting under non scheme is an annual reporting requirement for APA's non scheme pipelines, requiring annual publishing by 31 October 2021. As the deadline for the year ended 30 June 2021 falls on a weekend, the information was published the next business day - Monday 1st November 2021.
B10: 1.1 | C10: APA has counted each contracting entity as a separate customer to determine customer numbers for each pipeline.
B11: 1.2 | C11: Pipeline Services listed are those contracted to customers within the reporting period for the pipeline. Some services, in particular non-firm services, may be contracted but not used.
B12: 2.1 | C12: In the Statement of Revenue and Expenses, depreciation on shared Right of Use assets and interest expense relating to the Shared asset RoU is included in line item “Other shared costs” (row 40).
C13: Interest expense relating to Directly attributable lease liability is reported on row 27 “Directly attributable finance charges”.
C14: Change in accounting policy – Software-as-a-Service arrangements During the year, APA Group revised its accounting policy to record the configuration and customisation costs incurred in implementation of SaaS arrangements as an operating expense within profit or loss in response to the IFRS Interpretations Committee's ("IFRIC") Agenda Decision published in April 2021 related to accounting for Software-as-a-Service ("SaaS") arrangements. For Group Statutory Financial Accounting purposes, APA Group has implemented the IFRIC Agenda Decision retrospectively. As the regulatory framework under Part 23 does not account for retained earnings, the configuration and customisation costs incurred in implementation of SaaS arrangements for all prior periods (FY2018-FY2020) have been expensed in the current year’s profit or loss in the ‘Statement of Pipeline Revenue and Expenses’ and the ‘Recovered Capital Method’. For Part 23 reporting, capitalised implementation cost relating to SaaS arrangements were de-recognised in FY 21 through a decrease in the current year allocation of shared support assets. Included in the total corporate expenditure of $836,640 recorded in the current year’s profit or loss in the ‘Statement of Pipeline Revenue and Expenses’ is $120,886 of implementation costs relating to prior periods that were capitalised and recognised in property, plant and equipment on a cumulative basis through 30 June 2020. APA has assessed that the amounts charged to the profit or loss in FY21 relating to prior periods have no material impact on APA's current nor prior periods Part 23 Financial Reporting. On that basis, APA has not restated the prior period comparative amounts in the ‘Statement of Pipeline Revenue and Expenses’ nor the ‘Recovered Capital Method’.
B15: 3.1 | C15: Other non-depreciable pipeline assets includes other elements of total assets reported in Balance Sheet (e.g. debtors, capital work in progress, contract intangibles etc.).
B16: 3.1.1 | C16: Other depreciable pipeline assets includes items such as information technology systems, motor vehicles, office and pipeline related costs which have different useful lives ranging from 5 to 80 years. APA has reported the information by asset categories in a summary line reflective of all assets acquired at inception to 30 June 2021.
B17: 3.3.1 | C17: APA has reported the information by asset categories in a summary line reflective of all assets acquired from inception to 30 June 2021.
C18: New assets are reported as commissioned with depreciation assumed in the next fiscal year.
B19: 3.3.2 | C19: APA has reported the shared assets information per fiscal year from date of acquisition.
C20: New assets are reported as commissioned with depreciation assumed in the next fiscal year.
B21: 3.4 | C21: Shared assets represents mainly Information Technology assets and other assets such as office related assets and motor vehicles. The values are reported on a gross book basis.
B23: 4.1 | C23: Cut off APA identified pipeline asset additions recorded during 2021 amounting to $528,582 which related to assets placed in service in a prior period (2020 $528,582). The comparative period included in the Statement of Pipeline Assets and the Recovered Capital Method have been restated to correctly reflect the additions during the year in which they should be recognised. The impact of the change was assessed as being immaterial.
C24: Negative residual value Negative residual values for RCM purposes have been reported in the year ended 30 June 2021, following the establishment of pipeline specific estimation processes in the reporting period. Management has estimated the costs of undertaking the necessary decommissioning costs as if these activities were undertaken today, given today’s costs and today’s legislated environmental requirements. This amount was then deflated by actual inflation to derive the amount to be recorded in the year the pipeline construction was completed. An initial negative residual value of $731,028 was recognised in the year the pipeline construction was completed, representing 4.5% of the RCM at the time of construction completion. The recognition of the Negative residual values resulted in an increase of 11.14% or $6,053,785 of the pipeline’s RCM value as at 30 June 2021. These amounts are deemed immaterial for the users of the financial information. On that basis, APA has not restated previously published pipeline financial information. For further information on negative residual values, please refer to section 3.2.6 in the Basis of Preparation.
C25: Net tax liabilities incorporates mid-year tax depreciation for capital expenditure incurred during the fiscal year.
C26: Capital expenditure is reported in the period commissioned and excludes capital work in progress. The reported capital additions include capitalised maintenance costs.
C27: Australian regulatory practice provides for a return on capital to be applied to capex as incurred. Assuming that assets are brought into service evenly throughout the year, a “half-year WACC” is capitalised in the asset value, providing for financing costs between the time an asset is brought into service and the start of the next regulatory year, in which a return on the in-service asset is provided. For RCM reporting prior to FY 2021, APA reported a “half-year WACC” in the Return on Capital component of the RCM calculations. A review of the Financial Reporting Guideline for non-Scheme Pipelines (p20) has identified that this treatment was in error, as the Return on Capital should be applied to “the closing value of the capital base from the immediately preceding year”. APA’s approach incorrectly calculated the Return on Capital as being based on the closing balance from the immediately preceding year plus half the capital expenditure in the year. For RCM reporting published from 2021, the Return on Capital has been calculated, for all reported years, based on “the closing value of the capital base from the immediately preceding year”. The “half-year WACC” has now been added to the reported capital expenditure and capitalised as part of the asset value, consistent with regulatory practice. This has had an immaterial impact on the RCM calculations. Previously where the Return on Debt related to the current year capital expenditure was considered to be tax deductible as part of the Net Tax Allowance calculation, this is now capitalised as part of the asset value.
B28: 4.1.1 | C28: APA has reported the aggregate capital expenditure (inclusive of Stay-in-business capital expenditure) incurred each fiscal year. The 5% threshold of capital expenditure does not include leased asset, shared leased asset or shared assets. Any assets that might have had immaterial shared assets included in prior years reporting have been removed for consistency. Capital expenditure greater than 5% generally relates to significant expenditure for each non-scheme pipeline. Lease-funded pipeline capital expenditure could be included in the capital expenditure for comparison. The projects reported in excess of 5% capital expenditure for any given year is capital expenditure at cost (excluding the half year capitalised WACC) in relation to the total construction cost (which is inclusive of capitalised WACC).
B29: 5.1 | C29: In accordance with the Guideline, APA has not reported revenue in respect of exempt services against the relevant service category in Table 5.1. Instead, revenue associated with exempt services is aggregated and reported under “Total exempt services” in Table 5.1.

Sheet Amendment record
A2: Date | B2: ERA amendment# | C2: Worksheet | D2: Table | E2: Cell | F2: Change | G2: Reason
A3: 44084 | B3: 1 | C3: Amendment record | F3: New worksheet inserted | G3: This sheet captures the changes made to this non scheme financial reporting template.
A4: 44084 | B4: =B3+1 -> 2 | C4: 2. Revenue and expenses | D4: 2.1 | E4: F13 | F4: Formula corrected | G4: Formula amended to sum both elements of 'Direct revenue' to get 'Total direct revenue'.
A5: 44084 | B5: =B4+1 -> 3 | C5: 3. Statement of pipeline assets | D5: 3.1 | E5: D33:E33 | F5: Formula inserted | G5: Formula to aggregate relevant rows (Metering) to determine Closing value for metering assets
A6: 44084 | B6: =B5+1 -> 4 | C6: 3.3 Depreciation | D6: 3.3.1 | E6: D9:D52 | F6: List amended | G6: The term 'other depreciable assets' has been replaced with ' other depreciable pipeline assets' to match the terms used on worksheet 3.
A7: 44084 | B7: =B6+1 -> 5 | C7: 3.3 Depreciation | D7: 3.3.1 | E7: M7 and N7 | F7: Heading amended | G7: The heading has been amended to make it clear that accumulated depreciation is to be reported for both the current reporting period and the prior period.
A8: 44084 | B8: =B7+1 -> 6 | C8: 3.3 Depreciation | D8: 3.3.1 | E8: I5:K5 | F8: Guidance note added | G8: A guidance note has been added to the worksheet, clarifying that additions, capitalised maintenance and disposals must all be reported on a cumulative basis in this worksheet. Closing asset values are derived in each year with reference to the initial construction cost. Therefore all amendments to this value must be reported on a cumulative basis, to ensure the closing value is adjusted for all additions, disposals or capitalised maintenance.
A9: 44084 | B9: =B8+1 -> 7 | C9: 3. Statement of pipeline assets | D9: 3.1 | E9: Rows 63-67 and 74-78 | F9: rows inserted | G9: New items inserted to record Leased Assets as per AASB16.
A10: 44084 | B10: =B9+1 -> 8 | C10: 3. Statement of pipeline assets | D10: 3.1 | E10: D69:E69 and D84:E84 | F10: Formula updated | G10: Formulae updated to include leased assets
A11: 44084 | B11: =B10+1 -> 9 | C11: 3. Statement of pipeline assets | D11: 3.1 | E11: D14, D19, D25, D31, D37, D43, D49, D59 | F11: Formulae corrected | G11: Formulae amended to include prior year accumulated depreciation plus current year depreciation. It was only picking up current year depreciation.
A12: 44084 | B12: =B11+1 -> 10 | C12: 3.1 Pipeline asset useful life | D12: 3.1.1 | E12: B21:F26 and B33:F38 | F12: rows inserted | G12: Allow for lease asset information
A13: 44084 | B13: =B12+1 -> 11 | C13: Cover | D13: Reporting template | E13: D31:F32 | F13: Formatting | G13: To be visible.
A14: 44084 | B14: =B13+1 -> 12 | C14: 1.1 Financial performance | D14: 1.1.1 | E14: C10 | F14: Formatting - changed from Accounting Comma to Percentage Percent | G14: To disclose percentage with appropriate signage
A15: 44084 | B15: =B14+1 -> 13 | C15: 3.3 Depreciation | G15: Tab renamed 3.3 Depreciation amortisation
A16: 44084 | B16: =B15+1 -> 14 | C16: 3.3 Depreciation amortisation | D16: 3.3.2 | E16: L58:L78 | F16: Insert column | G16: To explicitly allow for prior period depreciation
A17: 44084 | B17: =B16+1 -> 15 | C17: 3. Statement of pipeline assets | D17: 3.1 | E17: Row 59 | F17: rows inserted | G17: To record additions and improvements capitalised
A18: 44084 | B18: =B17+1 -> 16 | C18: 3. Statement of pipeline assets | D18: 3.1 | E18: D58 | F18: Formula updated | G18: To only pick up initial acquisition costs
A19: 44084 | B19: =B18+1 -> 17 | C19: 3.3 Depreciation amortisation | D19: 3.3.1 | E19: D9:D52 | F19: List updated | G19: Added Leased assets to drop list
A20: 44084 | B20: =B19+1 -> 18 | C20: 3.3 Depreciation amortisation | D20: 3.3.2 | E20: D60:D77 | F20: List updated | G20: Added Shared leased assets to drop list
A21: 44084 | B21: =B20+1 -> 19 | C21: 4 Recovered Capital | D21: 4.1 | E21: Rows 15, 22, 29 | F21: rows inserted | G21: New items inserted to record Leased Assets
A22: 44084 | B22: =B21+1 -> 20 | C22: 4 Recovered Capital | D22: 4.1 | E22: E15, E22 and E29 | F22: Formula added | G22: To sum columns F to BH for respective items
A23: 44084 | B23: =B22+1 -> 21 | C23: 4 Recovered Capital | D23: 4.1 | E23: F16:BH16 and F23:BH23 | F23: Formula updated | G23: To include Leased Assets in total
A24: 44084 | B24: =B23+1 -> 22 | C24: 3.3 Depreciation amortisation | D24: 3.3.1 and 3.3.2 | E24: B5, B56, K7, G58, J58 and M58 | F24: Heading amended | G24: Headings updated for clarity
A25: 44084 | B25: =B24+1 -> 23 | C25: 3.3 Depreciation | D25: 3.3.1 | E25: E9:E52 | F25: Reformat | G25: The cells have been reformatted to show dd/mm/yyyy
A26: 44084 | B26: =B25+1 -> 24 | C26: 3.3 Depreciation | D26: 3.3.2 | E26: E60:E77 | F26: Reformat | G26: The cells have been reformatted to show dd/mm/yyyy
A27: 44084 | B27: =B26+1 -> 25 | C27: 3.1 Pipeline asset useful life | D27: 3.1.1 | E27: D9:D38 | F27: Reformat | G27: The cells have been reformatted to show dd/mm/yyyy
A28: 44109 | B28: =B27+1 -> 26 | C28: Cover | D28: Reporting template | E28: A7 | F28: a typographical error fixed. | G28: Corrected the spelling from 'insructions' to 'instructions'.
A29: 44109 | B29: =B28+1 -> 27 | C29: 3.1 Pipeline asset useful life | D29: 3.1.1 | E29: D7 | F29: a typographical error fixed. | G29: Corrected the spelling from 'acqusition' to 'acquisition'.
A30: 44109 | B30: =B29+1 -> 28 | C30: 4 Recovered Capital | D30: 3.1.1 | E30: D18 | F30: a typographical error fixed. | G30: Corrected the spelling from 'acqusition' to 'acquisition'.
A31: 44377 | B31: =B30+1 -> 29 | C31: Cover | E31: A25:E25 | F31: Question added | G31: To record publication date of the report
A32: 44377 | B32: =B31+1 -> 30 | C32: Cover | E32: A27:E27 | F32: Question added | G32: To record the date to which the reported information is current
A33: 44377 | B33: =B32+1 -> 31 | C33: Cover | E33: A29:K29 | F33: Questions added | G33: To record if there has been any change to the reported information within the current reporting period since publication date, and identify which part of the ‘basis of preparation’ document captures or explains the change in the published information.
A34: 44377 | B34: =B33+1 -> 32 | C34: Contents | F34: Contents updated | G34: To add hyperlink to Summary worksheet and reflect changes in worksheet names (3.1, 3.2 and 3.3)
A35: 44377 | B35: =B34+1 -> 33 | C35: Summary | F35: New worksheet added | G35: To enhance accessibility and transparency of the reported information by providing a 'quick glance' view of the key information reported in the template.
A36: 44377 | B36: =B35+1 -> 34 | C36: 1. Pipeline information | D36: 1.2 | E36: B16, B20, B21 | F36: Heading renamed | G36: To be consistent with the pipeline service categories in Table 2.1.1.
A37: 44377 | B37: =B36+1 -> 35 | C37: 1. Pipeline information | D37: 1.2 | E37: C29:D36 | F37: List added | G37: To add a yes/no dropdown list, consistent with other rows.
A38: 44377 | B38: =B37+1 -> 36 | C38: 1.1 Financial performance | D38: 1.1.1 | E38: C10 | F38: Formatting changed | G38: To express percentage in two decimal places
A39: 44377 | B39: =B38+1 -> 37 | C39: 2. Revenue and expenses | D39: 2.1 | E39: Row 12:14 / C12:C14 | F39: Rows added | G39: New categories are added to improve the clarity and consistency of revenue streams. - Customer contribution revenue (removed from Table 2.1.1) - Government contribution revenue (removed rom (Table 2.1.1) - Profit from sale of fixed assets
A40: 44377 | B40: =B39+1 -> 38 | C40: 2. Revenue and expenses | D40: 2.1 | E40: D32:D40 E32:E40 | F40: Formula corrected | G40: To correctly populate data from Table 2.4.1
A41: 44377 | B41: =B40+1 -> 39 | C41: 2. Revenue and expenses | D41: 2.1 | E41: C34 and C39 | F41: Formatting changed | G41: Remove uppercase in some words. Corresponding cells in original template are C31 and C36.
A42: 44377 | B42: =B41+1 -> 40 | C42: 2. Revenue and expenses | D42: 2.1 | E42: F11 and I11 | F42: Formula corrected | G42: To amend formula to sum up D11 and E11 and G11 and H11, respectively
A43: 44377 | B43: =B42+1 -> 41 | C43: 2. Revenue and expenses | D43: 2.1 | E43: I16 | F43: Formula corrected | G43: To include new revenue categories and correctly calculate the ‘total direct revenue’
A44: 44377 | B44: =B43+1 -> 42 | C44: 2.1 Revenue by service | D44: 2.1.1 | E44: C10 and C21 | F44: Heading/label renamed | G44: Headings changed from 'Direct Revenue' to ‘Revenue by service’ and from 'Total revenue (C24) to ‘Total service revenue’ (C21) to clarify that Table 2.1.1 only captures service revenue rather than all direct revenue.
A45: 44377 | B45: =B44+1 -> 43 | C45: 2.1 Revenue by service | D45: 2.1.1 | E45: Rows 21:23/ C21:C23 | F45: Rows removed | G45: To delete categories that do not fall under 'service revenue': - 'Customer contribution revenue' - 'Profit from sale of fixed assets' - ‘Other direct revenue’ These categories are moved to Table 2.1. See amendment # 37.
A46: 44377 | B46: =B45+1 -> 44 | C46: 2.1 Revenue by service | D46: 2.1.1 | E46: Row 16 | F46: Row split | G46: “Park and park and loan services” is split into two rows: “Park services” (row 16) and “Park and loan services (row 17) to be consistent with service categories in Table 1.2.
A47: 44377 | B47: =B46+1 -> 45 | C47: 2.1 Revenue by service | D47: 2.1.1 | E47: Row 20 | F47: Description renamed | G47: Replaced "Distribution/transmission revenue" (originally C19) with "Other pipeline services (if relevant)" (now C20) to be consistent with Table 2.1.
A48: 44377 | B48: =B47+1 -> 46 | C48: 2.1 Revenue by service | D48: 2.1.1 | E48: I21 | F48: Formula updated | G48: To correctly calculate the ‘total service revenue’.
A49: 44377 | B49: =B48+1 -> 47 | C49: 2.2 Revenue contributions | D49: 2.2.1 | E49: E9:E14 | F49: Formula added Formatting changed | G49: To add sum formula (E=C+D)
A50: 44377 | B50: =B49+1 -> 48 | C50: 2.3 Indirect revenue | D50: 2.3.1 | E50: E2:G4 | F50: Guidance note added | G50: To prompt operators to include sufficient information on their basis of preparation, explaining allocation methodologies and basis of allocators.
A51: 44377 | B51: =B50+1 -> 49 | C51: 2.3 Indirect revenue | D51: 2.3.1 | E51: Row 36 | F51: Formatting changed | G51: Change format of totals to 'bold' font
A52: 44377 | B52: =B51+1 -> 50 | C52: 2.4 Shared costs | D52: 2.4.1 | E52: E2:G4 | F52: Guidance note added | G52: To prompt operators to include sufficient information on their basis of preparation, explaining allocation methodologies and basis of allocators.
A53: 44377 | B53: =B52+1 -> 51 | C53: 2.4 Shared costs | D53: 2.4.1 | E53: H36 and I36 | F53: Formula corrected | G53: To correct double counting of other shared costs.
A54: 44377 | B54: =B53+1 -> 52 | C54: 2.4 Shared costs | D54: 2.4.1 | E54: C11 and C16 | F54: Formatting changed | G54: To remove uppercase in some words.
A55: 44377 | B55: =B54+1 -> 53 | C55: 2.4 Shared costs | D55: 2.4.1 | E55: Row 36 | F55: Formatting changed | G55: Change format of totals to 'bold' font
A56: 44377 | B56: =B55+1 -> 54 | C56: 3. Statement of pipeline assets | D56: 3.1 | E56: C8 and C81 | F56: Headings added | G56: Add headings ‘Pipeline assets’ and ‘Shared supporting assets allocated’ to improve clarity of asset categories.
A57: 44377 | B57: =B56+1 -> 55 | C57: 3. Statement of pipeline assets | D57: 3.1 | E57: C82 | F57: Heading renamed | G57: Renamed 'shared supporting assets' to 'shared property, plant and equipment' to be consistent with the labelling between worksheets
A58: 44377 | B58: =B57+1 -> 56 | C58: 3. Statement of pipeline assets | D58: 3.1 | E58: Column C | F58: Rows added Sub-categories amended Formatting changed | G58: To improve the consistency and structuring of labelling between Table 3.1 and Table 3.3.1. Each asset category will have the following reporting lines, as applicable: - Initial construction or acquisition costs - Additions - Capitalised maintenance or improvements - Depreciation - Disposals or early termination (at cost)
A59: 44377 | B59: =B58+1 -> 57 | C59: 3. Statement of pipeline assets | D59: 3.1 | E59: Columns D and E (D66, D33:E33, D71:E71, D80:E80, D83:D87, D90:D94 and D99:E99) | F59: Formula updated | G59: To update formula following changes in asset categories/ sub-categories, and correct previous errors.
A60: 44377 | B60: =B59+1 -> 58 | C60: 3.1 Asset useful life | F60: Tab renamed | G60: Renamed from 3.1 "Pipeline asset useful life" to "Asset useful life' to be consistent with the heading of the worksheet. Worksheet contains shared assets other than pipeline assets.
A61: 44377 | B61: =B60+1 -> 59 | C61: 3.1 Asset useful life | D61: 3.1.1 | E61: Column D | F61: Data entry deleted | G61: To remove data entries under 'Acquisition date' column
A62: 44377 | B62: =B61+1 -> 60 | C62: 3.1 Asset useful life | D62: 3.1.1 | E62: D9:D38 | F62: Formatting changed | G62: Changed format from number to 'short date'
A63: 44377 | B63: =B62+1 -> 61 | C63: 3.2 Asset impairment | F63: Tab renamed | G63: Renamed from 3.2 "Pipeline asset impairment" to "Asset impairment' to be consistent with the heading of the worksheet. Worksheet contains shared assets other than pipeline assets.
A64: 44377 | B64: =B63+1 -> 62 | C64: 3.2 Asset impairment | D64: 3.2.1 and 3.2.2 | E64: D8:D22 D28:D54 G28:G54 | F64: Formatting changed | G64: Change format to 'short date'
A65: 44377 | B65: =B64+1 -> 63 | C65: 3.3 Depreciation amortisation | E65: B1 | F65: Heading amended | G65: To be consistent with tab name
A66: 44377 | B66: =B65+1 -> 64 | C66: 3.3 Depreciation amortisation | D66: 3.3.1 and 3.3.2 | E66: H7, J7, G58 and L58 | F66: Heading amended | G66: To be consistent with the labelling of categories in Table 3.1
A67: 44377 | B67: =B66+1 -> 65 | C67: 3.3 Depreciation amortisation | D67: 3.3.1 | E67: D9:D52 | F67: List updated | G67: To be consistent with the categories in Table 3.1
A68: 44377 | B68: =B67+1 -> 66 | C68: 3.3 Depreciation amortisation | D68: 3.3.1 | E68: G53 | F68: Formula added | G68: To add sum formula
A69: 44377 | B69: =B68+1 -> 67 | C69: 3.3 Depreciation amortisation | D69: 3.3.1and 3.3.2 | E69: F9:F52 and F60:F77 | F69: Formatting changed | G69: Numbers formatted to the nearest whole number
A70: 44377 | B70: =B69+1 -> 68 | C70: 3.3 Depreciation amortisation | D70: 3.3.1 and 3.3.2 | E70: Column E | F70: Data entry deleted | G70: To remove data entries under Acquisition date column
A71: 44377 | B71: =B70+1 -> 69 | C71: 3.3 Depreciation amortisation | D71: 3.3.2 | E71: B58:N59 | F71: Formatting changed | G71: Cell colour changed to be consistent with other tables
A72: 44377 | B72: =B71+1 -> 70 | C72: 3.3 Depreciation amortisation | D72: 3.3.2 | E72: D60:D77 | F72: List updated | G72: To be consistent with the categories in Table 3.1
A73: 44377 | B73: =B72+1 -> 71 | C73: 3.4 Shared supporting assets | D73: 3.4.1 | E73: D9:D40 | F73: List created | G73: To add dropdown list consistent with the categories in Table 3.1
A74: 44377 | B74: =B73+1 -> 72 | C74: 3.4 Shared supporting assets | D74: 3.4.1 | E74: E2:G4 | F74: Guidance note added | G74: To prompt operators to include sufficient information on their basis of preparation, explaining allocation methodologies and basis of allocators.
A75: 44377 | B75: =B74+1 -> 73 | C75: 3.4 Shared supporting assets | D75: 3.4.1 | E75: Row 36 | F75: Formatting changed | G75: Change format of totals to 'bold' font
A76: 44377 | B76: =B75+1 -> 74 | C76: 4. Recovered Capital | F76: Tab renamed | G76: Minor punctuation amendment
A77: 44377 | B77: =B76+1 -> 75 | C77: 4. Recovered Capital | D77: 4.1 | E77: Rows 33 and 34 | F77: Rows added | G77: To disclose opening asset value and rate of return (WACC) of each year
A78: 44377 | B78: =B77+1 -> 76 | C78: 4. Recovered Capital | D78: 4.1 | E78: E11 | F78: Formula corrected | G78: Revised formula to sum F11:BH11, consistent with the treatment of other cost components that make up the ‘cost base’
A79: 44377 | B79: =B78+1 -> 77 | C79: 4. Recovered Capital | D79: 4.1 | E79: E25 | F79: Formula deleted | G79: Formula not required
A80: 44377 | B80: =B79+1 -> 78 | C80: 4. Recovered Capital | D80: 4.1 | E80: F8:BH8 | F80: Formula corrected | G80: To adjust formula to display year and allow cross-referencing with the Summary tab
A81: 44377 | B81: =B80+1 -> 79 | C81: 4. Recovered Capital | D81: 4.1 | E81: F31:BH31 | F81: Formula corrected | G81: To exclude row 25 which is not an input cell
A82: 44377 | B82: =B81+1 -> 80 | C82: 5. Weighted average price | D82: 5.1 | E82: Column B | F82: Column added | G82: To disclose the reference to the basis of preparation where pipeline operator may have explained the basis of allocation between pipeline and service types
A83: 44377 | B83: =B82+1 -> 81 | C83: 5. Weighted average price | D83: 5.1 | E83: Column E | F83: Column added | G83: To disclose if estimates were used by the pipeline operator to allocate revenue between pipelines and service types.
A84: 44377 | B84: =B83+1 -> 82 | C84: 5. Weighted average price | D84: 5.1 | E84: B2 and C3 | F84: Heading added | G84: To be consistent with other worksheets
A85: 44377 | B85: =B84+1 -> 83 | C85: 5. Weighted average price | D85: 5.1 | E85: F10:BJ10 | F85: Headings amended Formatting changed | G85: Heading (units) amended and format changed for clarity and consistency with formula: - revenues in $'000 - MDQ in Total TJ - WAP in $/GJ
A86: 44377 | B86: =B85+1 -> 84 | C86: 5. Weighted average price | D86: 5.1 | E86: C19:20 | F86: Formatting changed | G86: To be consistent with other tables
A87: 44377 | B87: =B86+1 -> 85 | C87: 5. Weighted average price | D87: 5.1 | E87: Row 22 | F87: Explanatory note added | G87: To clarify the MDQ unit above as: Total TJ = sum of MDQ’s over the reporting period in TJs
A88: 44377 | B88: =B87+1 -> 86 | C88: All worksheets | E88: Numerical cells | F88: Formatting changed | G88: Amend relevant numerical cells to ensure format is in comma style, negative values in brackets and rounded off to nearest whole number
A89: 44377 | B89: =B88+1 -> 87 | C89: All worksheets | E89: Date cells | F89: Formatting changed | G89: Amend relevant date cells to ensure format is in date style
A90: 44377 | B90: =B89+1 -> 88 | C90: All worksheets | E90: Input cells | F90: Formatting changed | G90: Amend relevant input cells to ensure font colour is blue
A91: 44377 | B91: =B90+1 -> 89 | C91: All worksheets | E91: A1 | F91: Formatting changed | G91: Enlarge size to make hyperlink to Contents tab more visible and accessible
A92: 44383 | B92: =B91+1 -> 90 | C92: Summary | E92: Row 86 (C86:H86) | F92: Formula corrected | G92: To correctly populate weighted average prices (WAP) of 'interruptible or as available transportation services' (distance based - other delivery points) from Table 5.1
A93: 44383 | B93: =B92+1 -> 91 | C93: Summary | E93: F100 | F93: Formula corrected | G93: To correctly populate WAP of exempt services (volume based charge) from Table 5.1
A94: 44383 | B94: =B93+1 -> 92 | C94: 3. Statement of pipeline assets | D94: 3.1 | E94: D86:87 | F94: Formula corrected | G94: To correctly populate depreciation and disposal values of 'Shared property, plant and equipment' from Table 3.3.2
A95: 44383 | B95: =B94+1 -> 93 | C95: 3. Statement of pipeline assets | D95: 3.1 | E95: D93:94 | F95: Formula corrected | G95: To correctly populate depreciation and disposal values of 'Shared leased assets' from Table 3.3.2

Sheet APA Amendment record
A2: Date | B2: APA amendment# | C2: Worksheet | D2: Table | E2: Cell | F2: Change | G2: Reason
A3: 44434 | B3: 1 | C3: APA Amendment record | F3: New worksheet inserted | G3: This sheet captures the changes made to this non scheme financial reporting template.
A4: 44434 | B4: =B3+1 -> 2 | C4: 3.3 Depreciation amortisation | D4: 3.3.1 | E4: N7 | F4: Heading amended | G4: The heading has been amended to make it clear that accumulated depreciation is to be reported for both the current reporting period and the prior period.
A5: 44432 | B5: =B4+1 -> 3 | C5: Summary | E5: C116 | F5: Formula change | G5: Formula updated to include shared leased asset depreciation reported under other Other shared costs in tab 2.4 Shared costs
A6: 44482 | B6: =B5+1 -> 4 | C6: Cover | E6: I29 | F6: Wrap text | G6: Wrap text
A7: 44489 | B7: =B6+1 -> 5 | C7: 4. Recovered capital | D7: 4.1 | E7: C39 | F7: Formatting changed | G7: Format changed to comma style and rounded off to nearest whole number
